 Dungeon Crawl Stone Soup version 0.31.0-32-g396128a36d (webtiles) character file.

Game seed: 10293454481347695028

17702328 jimmypageman the Conqueror (level 27, 179/179 HPs)
             Began as a Gargoyle Fighter on Apr 21, 2024.
             Was a High Priest of the Shining One.
             Escaped with the Orb
             ... and 15 runes
             ... and 1 gem on Apr 22, 2024!
             The game lasted 03:16:34 (88059 turns).

jimmypageman the Conqueror (Gargoyle Fighter)      Turns: 88059, Time: 03:16:35

Health: 179/179    AC: 74    Str: 40    XL:     27
Magic:  40/40      EV: 19    Int: 21    God:    the Shining One [*****.]
Gold:   16127      SH: 25    Dex:  9    Spells: 26/26 levels left

rFire   + + .        u - +8 eveningstar of Freehold {holy, *Slow rPois Will+ Str+3}
rCold   + + +        A - +2 tower shield {AC+3}
rNeg    + + +        Q - +12 gold dragon scales
rPois   ∞            g - +5 hat of Pandemonium {rF- Str+6 Slay+3}
rElec   +            H - scarf {repulsion}
rCorr   +            t - +2 pair of gloves {infuse}
SInv    .            N - +1 pair of boots "Natad" {rElec rF+ Int+3}
Will    ++...        B - amulet of Vitality {RegenMP++ Regen++}
Stlth   +            T - ring "Echei" {rElec Will- rCorr Int+7 Slay+4}
HPRegen 2.89/turn    p - ring "Zuregri" {rF+ rC+ EV+5 Str+3}
MPRegen 1.07/turn

%: random rage (9%), slow self (1%), repel missiles, infuse magic (1 MP)
@: flying, glowing
A: sickness immunity, AC +20, big wings, negative energy resistance 1,
electricity resistance, torment resistance 1, petrification resistance, antennae
1, hooves 1, berserk 2, cold resistance 1, deterioration 1, dopey 1, frail 1,
regeneration 1, screaming 1, weak 1, inability to drink after injury 1,
MP-powered wands, sturdy frame 1
0: Orb of Zot
}: 15/15 runes: decaying, slimy, silver, golden, iron, obsidian, icy, bone,
abyssal, demonic, glowing, magical, fiery, dark, gossamer
a: Renounce Religion, Divine Shield, Cleansing Flame, Summon Divine Warrior


You escaped.
You worshipped the Shining One.
The Shining One was extremely pleased with you.
You visited 18 branches of the dungeon, and saw 88 of its levels.
You visited Pandemonium 1 time, and saw 16 of its levels.
You visited the Abyss 2 times.
You visited 2 bazaars.
You visited 2 ziggurats, and saw 22 of their levels (deepest: 16).
You also visited: Trove, Ossuary, Bailey and Ice Cave.

You collected 21377 gold pieces.
You spent 5250 gold pieces at shops.

Inventory:

Hand Weapons
 m - the +8 flail of Destruction {heavy, rF+ rC+ Will+ SInv}
   (You found it on level 3 of the Tomb of the Ancients)

   rF+:       It protects you from fire.
   rC+:       It protects you from cold.
   Will+:     It increases your willpower.
   SInv:      It lets you see invisible.
 u - the +8 eveningstar of Freehold (weapon) {holy, *Slow rPois Will+ Str+3}
   (Okawaru gifted it to you in an ice cave)

   Str+3:     It affects your strength (+3).
   rPois:     It protects you from poison Will+: It increases your willpower.
   *Slow:     It may slow you when you take damage.
 J - a +9 eveningstar of freezing
Missiles
 d - 6 throwing nets
 K - 69 boomerangs
 S - 33 javelins (quivered)
 W - 16 silver javelins
Armour
 g - the +5 hat of Pandemonium (worn) {rF- Str+6 Slay+3}
   (You found it on level 3 of the Dungeon)

   Str+6:     It affects your strength (+6).
   Slay+3:    It affects your accuracy & damage with ranged weapons and melee
   (+3).
   rF-:       It makes you vulnerable to fire.
 t - a +2 pair of gloves of infusion (worn)
 A - a +2 tower shield of protection (worn)
 H - a scarf of repulsion (worn)
 N - the +1 pair of boots "Natad" (worn) {rElec rF+ Int+3}
   (You found it on level 13 of a ziggurat)

   Int+3:     It affects your intelligence (+3).
   rF+:       It protects you from fire.
   rElec:     It insulates you from electricity.
 Q - +12 gold dragon scales (worn)
Jewellery
 n - the amulet "Xycaesot" {rF+ rC+ rN+ Regen+ SInv}
   (You acquired it in a bailey)

   [amulet of regeneration]

   rF+:       It protects you from fire.
   rC+:       It protects you from cold.
   rN+:       It protects you from negative energy.
   SInv:      It lets you see invisible.
   Regen+:    It increases your rate of health regeneration.
 p - the ring "Zuregri" (right hand) {rF+ rC+ EV+5 Str+3}
   (You found it in a treasure trove)

   [ring of evasion]

   EV+5:      It affects your evasion (+5).
   Str+3:     It affects your strength (+3).
   rF+:       It protects you from fire.
   rC+:       It protects you from cold.
 B - the amulet of Vitality (around neck) {RegenMP++ Regen++}
   (You found it on level 7 of the Iron City of Dis)

   [amulet of magic regeneration]

   RegenMP:   It increases your rate of magic regeneration.
   Regen++:   It increases your rate of health regeneration.
 T - the ring "Echei" (left hand) {rElec Will- rCorr Int+7 Slay+4}
   (You acquired it on level 15 of a ziggurat)

   [ring of slaying]

   Int+7:     It affects your intelligence (+7).
   Slay+4:    It affects your accuracy & damage with ranged weapons and melee
   (+4).
   rElec:     It insulates you from electricity.
   Will-:     It decreases your willpower.
   rCorr:     It protects you from acid and corrosion.
Wands
 k - a wand of digging (24)
 l - a wand of charming (124)
 C - a wand of roots (139)
 U - a wand of mindburst (85)
 V - a wand of acid (65)
Scrolls
 f - 23 scrolls of teleportation
 i - 15 scrolls of fog
 j - a scroll of enchant weapon
 w - a scroll of brand weapon
 D - 7 scrolls of blinking
 G - 18 scrolls of revelation
 I - 16 scrolls of fear
 L - 15 scrolls of poison
 Z - 7 scrolls of silence
Potions
 b - 6 potions of resistance
 e - 26 potions of curing
 h - 16 potions of lignification
 o - 23 potions of heal wounds
 q - 9 potions of might
 r - 6 potions of haste
 s - 6 potions of cancellation
 v - 8 potions of enlightenment
 x - 9 potions of magic
 E - 5 potions of berserk rage
 R - 12 potions of ambrosia
 Y - 16 potions of mutation
Miscellaneous
 c - a phial of floods
 z - a box of beasts
 O - a lightning rod (4/4)
 P - a condenser vane


   Skills:
 O Level 27 Fighting
 O Level 27 Maces & Flails
 O Level 27 Throwing
 O Level 27 Armour
 * Level 18.4 Dodging
 O Level 27 Stealth
 O Level 27 Shields
 O Level 27 Invocations
 * Level 19.5 Evocations


You had 26 spell levels left.
You didn't know any spells.
Your spell library contained the following spells:

 Spells                   Type           Power      Damage    Failure   Level
 Apportation              Tloc           0%         N/A       45%         1
 Foxfire                  Conj/Fire      0%         2x1d4     45%         1
 Freeze                   Ice            0%         1d3       45%         1
 Kiss of Death            Conj/Necr      0%         2d5       45%         1
 Magic Dart               Conj           0%         1d3       45%         1
 Necrotise                Necr           0%         1d4       45%         1
 Sandblast                Erth           0%         2d4       45%         1
 Shock                    Conj/Air       0%         1d3       45%         1
 Sting                    Conj/Alch      0%         1d3       45%         1
 Summon Small Mammal      Summ           0%         N/A       45%         1
 Blink                    Tloc           0%         N/A       61%         2
 Call Imp                 Summ           0%         N/A       61%         2
 Ensorcelled Hibernation  Hex/Ice        0%         N/A       61%         2
 Jinxbite                 Hex            0%         N/A       61%         2
 Lesser Beckoning         Tloc           0%         N/A       61%         2
 Mercury Vapours          Alch/Air       0%         N/A       61%         2
 Momentum Strike          Conj/Tloc      0%         3d8       61%         2
 Scorch                   Fire           0%         2d5       61%         2
 Searing Ray              Conj           0%         2d4       61%         2
 Static Discharge         Conj/Air       0%         3-3/arc   61%         2
 Call Canine Familiar     Summ           0%         N/A       83%         3
 Confusing Touch          Hex            0%         N/A       83%         3
 Dazzling Flash           Conj/Hex       0%         N/A       83%         3
 Frozen Ramparts          Ice            0%         1d1       83%         3
 Fugue of the Fallen      Necr           0%         N/A       83%         3
 Gell's Gravitas          Tloc           0%         N/A       83%         3
 Hailstorm                Conj/Ice       0%         3d5       83%         3
 Inner Flame              Hex/Fire       0%         N/A       83%         3
 Mephitic Cloud           Conj/Alch/Air  0%         N/A       83%         3
 Ozocubu's Armour         Ice            0%         N/A       83%         3
 Passwall                 Erth           0%         N/A       83%         3
 Sigil of Binding         Hex            0%         N/A       83%         3
 Swiftness                Air            0%         N/A       83%         3
 Teleport Other           Tloc           0%         N/A       83%         3
 Tukima's Dance           Hex            0%         N/A       83%         3
 Vampiric Draining        Necr           0%         2d6       83%         3
 Volatile Blastmotes      Fire/Tloc      0%         2d10      83%         3
 Airstrike                Air            0%         2d(0-16)  99%         4
 Anguish                  Hex/Necr       0%         N/A       99%         4
 Animate Armour           Summ/Erth      0%         N/A       99%         4
 Animate Dead             Necr           0%         N/A       99%         4
 Brom's Barrelling Bould  Conj/Erth      0%         2d3       99%         4
 Cause Fear               Hex            0%         N/A       99%         4
 Dimensional Bullseye     Hex/Tloc       0%         N/A       99%         4
 Dispel Undead            Necr           0%         3d6       99%         4
 Flame Wave               Conj/Fire      0%         2d4       99%         4
 Fulminant Prism          Conj/Alch      0%         3d5       99%         4
 Ignite Poison            Fire/Alch      0%         N/A       99%         4
 Iskenderun's Mystic Bla  Conj/Tloc      0%         2d3       99%         4
 Leda's Liquefaction      Alch/Erth      0%         N/A       99%         4
 Manifold Assault         Tloc           0%         N/A       99%         4
 Martyr's Knell           Necr/Summ      0%         N/A       99%         4
 Olgreb's Toxic Radiance  Alch           0%         N/A       99%         4
 Passage of Golubria      Tloc           0%         N/A       99%         4
 Petrify                  Alch/Erth      0%         N/A       99%         4
 Sticky Flame             Fire/Alch      0%         2d4       99%         4
 Summon Blazeheart Golem  Fire/Summ      0%         N/A       99%         4
 Summon Lightning Spire   Summ/Air       0%         N/A       99%         4
 Vhi's Electric Charge    Tloc/Air       0%         N/A       99%         4
 Alistair's Intoxication  Alch           0%         N/A       100%        5
 Arcjolt                  Conj/Air       0%         1d10      100%        5
 Borgnjor's Vile Clutch   Necr/Erth      0%         N/A       100%        5
 Curse of Agony           Necr           0%         N/A       100%        5
 Fireball                 Conj/Fire      0%         3d3       100%        5
 Freezing Cloud           Conj/Ice/Air   0%         6-21      100%        5
 Irradiate                Conj/Alch      0%         3d11      100%        5
 Iskenderun's Battlesphe  Conj           0%         2d6       100%        5
 Silence                  Hex/Air        0%         N/A       100%        5
 Summon Forest            Summ/Tloc      0%         N/A       100%        5
 Summon Mana Viper        Hex/Summ       0%         N/A       100%        5
 Yara's Violent Unravell  Hex/Alch       0%         3d3       100%        5
 Bombard                  Conj/Erth      0%         9d1       100%        6
 Conjure Ball Lightning   Conj/Air       0%         3x3d6     100%        6
 Death Channel            Necr           0%         N/A       100%        6
 Dispersal                Tloc           0%         N/A       100%        6
 Eringya's Noxious Bog    Alch           0%         4d6       100%        6
 Summon Cactus Giant      Summ           0%         N/A       100%        6
 Enfeeble                 Hex            0%         N/A       100%        7
 Monstrous Menagerie      Summ           0%         N/A       100%        7
 Orb of Destruction       Conj           0%         9d5       100%        7
 Ozocubu's Refrigeration  Ice            0%         4d7       100%        7
 Spellforged Servitor     Conj/Summ      0%         N/A       100%        7
 Summon Hydra             Summ           0%         N/A       100%        7
 Discord                  Hex            0%         N/A       100%        8
 Disjunction              Tloc           0%         N/A       100%        8
 Ignition                 Fire           0%         3d3       100%        8
 Lehudib's Crystal Spear  Conj/Erth      0%         10d2      100%        8
 Maxwell's Capacitive Co  Air            0%         ∞         100%        8
 Summon Horrible Things   Summ           0%         N/A       100%        8
 Chain Lightning          Conj/Air       0%         N/A       100%        9
 Fire Storm               Conj/Fire      0%         5d1       100%        9
 Cigotuvi's Dreadful Rot  Necr/Alch/Air  Unusable   N/A       N/A         2
 Sublimation of Blood     Necr           Unusable   N/A       N/A         2

Dungeon Overview and Level Annotations

Branches:
Dungeon (15/15)            Temple (1/1) D:6            Lair (5/5) D:11
  Swamp (4/4) Lair:3       Spider (4/4) Lair:3        Slime (5/5) Lair:5
    Orc (2/2) D:9             Elf (3/3) Orc:2        Vaults (5/5) D:14
  Crypt (3/3) Vaults:2       Tomb (3/3) Crypt:3      Depths (4/4) D:15
   Hell (visited)             Dis (7/7) Hell            Geh (7/7) Hell
    Coc (7/7) Hell            Tar (7/7) Hell            Zot (5/5) Depths:4
Ossuary (visited)          Bailey (visited)           IceCv (visited)

Altars:
Ashenzari
Cheibriados
Dithmenos
Elyvilon
Fedhas
Gozag
Hepliaklqana
Kikubaaqudgha
Makhleb
Nemelex Xobeh
Okawaru
Qazlal
Ru
Sif Muna
Trog
Uskayaw
Vehumet
Wu Jian
Xom
Yredelemnul
Zin
The Shining One
Jiyva
Lugonu

Shops:
D:1 *   D:2 !   D:4 *[   D:13 ([(!!   D:15 [   Orc:1 =   Orc:2 ?[[*
Vaults:1 :   Vaults:3 *   Zot:2 *   Zot:5 *   Depths:1 !((   Depths:4 **=::?(

Portals:
Hell: Depths:1 Depths:2 Depths:3 Depths:4
Abyss: Depths:1 Depths:3
Pandemonium: Depths:2

Annotations:
D:8 1 transporter
Lair:1 1 runed translucent door, Xoai's ghost, novice SpEE
Lair:4 1 runed translucent door, Yckitesch's ghost, journeyman DsNe
Depths:1 1 transporter
Depths:2 2 transporters
Depths:4 6 runed translucent doors


Innate Abilities, Weirdness & Mutations

You are immune to sickness and miasma.
Your stone body is resilient. (AC +20)
You are immune to poison.
Your large and strong wings let you fly.
You resist negative energy. (rN+)
You are resistant to electric shocks. (rElec)
You are resistant to unholy torment.
You are immune to petrification.
You have a pair of small antennae on your head.
You have large cloven feet.
You have an uncontrollable temper.
Your flesh is cold resistant. (rC+)
Your body sometimes deteriorates upon taking damage.
You are dopey. (Int -2)
You are frail. (-10% HP)
Your natural rate of healing is unusually fast.
You occasionally shout uncontrollably at your foes.
You are weak. (Str -2)
You occasionally lose the ability to drink potions when taking damage.
You expend magic power (3 MP) to strengthen your wands.
Your movements are slightly less encumbered by armour. (ER -2)


Message History

No target in view!
Unknown command.
A hellion comes into view.
The hellion gives a hideous shriek!
You barely miss the hellion. The hellion closely misses you.
You bludgeon the hellion!!
The hellion convulses.
The hellion is severely wounded.
You puncture the hellion!
You kill the hellion!
The Shining One accepts your kill.
No target in view!
No target in view!
What level of the Dungeon? (default 1, ? - help)
There is a stone staircase leading up here.
You fly upwards.
There is a stone staircase leading down here.
There is a stone staircase leading up here.
You fly upwards.
There is a stone staircase leading down here.
You yell at the orange demon!
An orange demon comes into view.
There is a stone staircase leading up here.
You block the orange demon's attack. x2
You puncture the orange demon!
The orange demon convulses.
The orange demon is moderately wounded.
You stick the orange demon like a pincushion!!!
You kill the orange demon!
The Shining One accepts your kill.
You feel your power returning.
No target in view!
No target in view!
What level of the Dungeon? (default 1, ? - help)
There is a stone staircase leading up here.
You fly upwards.
There is a stone staircase leading down here.
You reach down and open the door.
There is an open door here.
There is a staircase leading out of the dungeon here.
You can't go down here!
You have escaped!

# #.#
#.........##.#.##...# #
## #.#
############.#..#...###
.####.# #.##.#......
......# #.##.#.#.###
.###### #.##.#.#.# # .#
####### #.##.#.#.# # .#
#.....# #......#.### .#
###.....######...#....
.#
##.'..@..'.####...#####
.#
#..#.....#.............
.#
#.##.....###....#######
.#
#.########.............
.# #.# #.............
.# #.# #.......######
.##########.######
###....##
.................#
#....#
...###.#########.#
##.#.#


There were no monsters in sight!

Vanquished Creatures
  Cerebov (Pan)
  Asmodeus (Geh:7)
  the Royal Jelly (Slime:5)
  Gloorx Vloq (Pan)
  Mnoleg (Pan)
  Lom Lobon (Pan)
  7 dread liches
  21 pandemonium lords
  Frederick (Vaults:4)
  5 orbs of fire (Zot:5)
  2 ancient liches
  28 royal mummies
  3 juggernauts (Dis:7)
  Boris (Tomb:1)
  15 Killer Klowns
  7 shard shrikes
  Vv (Depths:2)
  2 curse toes
  32 caustic shrikes
  Geryon (Hell)
  Nikola (Spider:4)
  Jory (Crypt:3)
  9 golden dragons
  Arachne (Spider:2)
  7 profane servitors
  23 bone dragons
  8 doom hounds
  26 Brimstone Fiends
  29 Tzitzimimeh
  3 electric golems
  2 spectral shard shrikes
  21 tentacled monstrosities
  8 iron giants
  Rupert (D:14)
  4 liches
  27 hellephants
  Mlioglotl (Swamp:3)
  13 Hell Sentinels
  20 Ice Fiends
  8 tainted leviathans
  24 Orb Guardians
  15 searing wretches
  27 titans
  7 quicksilver dragons
  11 sphinxes
  4 deep elf blademasters
  Asterion (Spider:4)
  A kraken (Abyss:3)
  33 Executioners (Pan)
  5 tentacled starspawn (Abyss:3)
  A sphinx (shapeshifter) (Zig:13)
  7 deep elf master archers
  8 death cobs
  An eldritch tentacle (Pan)
  17 acid blobs
  Kirke (Lair:3)
  30 ancient champions
  A shadow dragon (shapeshifter) (Zig:12)
  18 storm dragons
  10 shadow dragons
  9 tengu reavers
  2 daevas
  Donald (Swamp:2)
  7 draconian monks
  2 nagarajas (Pan)
  8 revenants
  Roxanne (Spider:2)
  A storm dragon (shapeshifter) (Zig:13)
  2 fenstrider witches
  35 narguns
  22 frost giants
  9 draconian knights
  15 protean progenitors
  11 draconian scorchers
  12 iron dragons
  9 rockslimes
  4 emperor scorpions
  24 azure jellies
  8 deep elf sorcerers
  An emperor scorpion (shapeshifter) (Zig:13)
  12 demonspawn warmongers (Pan)
  9 draconian shifters
  2 spectral juggernauts (Tar:2)
  6 quicksilver elementals
  7 deep elf elementalists
  12 ghouls
  35 fire giants
  A spectral caustic shrike (Tar:4)
  19 vault wardens
  11 ghost moths
  35 balrugs
  3 curse skulls
  An orc warlord (Vaults:1)
  Louise (D:14)
  10 shard shrike simulacra
  A caustic shrike zombie (Crypt:2)
  11 demonspawn corrupters
  2 caustic shrike skeletons
  36 reapers
  2 juggernaut skeletons (Pan)
  5 draconian stormcallers
  15 quicksilver oozes
  27 cacodemons
  7 demonspawn blood saints (Pan)
  8 ironbound thunderhulks
  22 ironbound preservers
  9 formless jellyfish
  13 very ugly things
  9 draconian annihilators
  32 stone giants
  2 broodmothers (Pan)
  22 putrid mouths
  27 elemental wellsprings
  15 black draconians
  7 green draconians
  11 deep elf death magi
  2 spark wasps (Spider:4)
  Nessos (Lair:5)
  8 vampire knights
  9 deep elf demonologists
  2 spectral titans (Tar:2)
  8 dire elephants
  20 yellow draconians
  7 bennus
  14 lorocyprocas
  45 war gargoyles
  17 purple draconians
  6 bunyips
  6 eleionomae
  22 white draconians
  20 wendigos
  13 deep elf annihilators
  10 demonspawn black suns (Pan)
  13 red draconians
  11 ettins
  21 blizzard demons
  15 iron golems
  17 mummy priests
  7 eidola
  An acid blob zombie (Crypt:1)
  3 crystal guardians
  23 jiangshi
  A spectral golden dragon (Tar:5)
  3 merfolk javelineers
  13 fire dragons
  4 shambling mangroves
  18 green deaths
  A spectral quicksilver dragon (Tar:2)
  4 spectral spriggans
  13 yaktaur captains
  Josephine (Lair:5)
  11 hell beasts
  A merfolk impaler (Zig:16)
  27 hydras
  6 entropy weavers
  39 vault guards
  6 great orbs of eyes
  3 salamander tyrants
  9 deep elf high priests
  3 rakshasas
  3 spriggan zombies
  6 ice dragons
  4 jorogumos
  9 alligators
  3 spriggan air magi
  9 caustic shrike simulacra
  3 peacekeepers
  A merfolk avatar (Zig:16)
  2 spriggan skeletons
  An ogre mage (Orc:2)
  2 anacondas (Zig:13)
  4 stokers
  8 ghost crabs
  A spectral tengu (Depths:3)
  3 catoblepae
  17 centaur warriors
  10 juggernaut simulacra
  4 merfolk aquamancers
  13 boulder beetles
  5 radroaches
  8 ironbound frosthearts
  34 dancing weapons
  9 deep troll shamans
  7 death knights
  4 two-headed ogres
  52 death scarabs
  2 satyrs
  An alligator snapping turtle (Zig:16)
  35 hell hogs
  8 tengu warriors
  20 death yaks
  4 orc high priests
  2 titan zombies
  8 vampire magi
  5 deep troll earth magi
  15 demonic crawlers
  3 thrashing horrors (Abyss:3)
  29 deep elf knights
  5 wretched stars (Abyss:3)
  Urug (D:11)
  An iron troll (Depths:1)
  40 soul eaters
  8 spriggan berserkers
  19 hell knights
  84 sun demons
  7 crystal echidnas
  An iron troll (shapeshifter) (Zig:12)
  A storm dragon zombie (Crypt:1)
  2 fire crabs (Abyss:3)
  35 sixfirhies
  2 skysharks (Zig:9)
  3 hellephant skeletons (Pan)
  A titan skeleton (Tomb:2)
  6 pharaoh ants
  A salamander mystic (Depths:1)
  Amaemon (D:8)
  9 goliath frogs
  65 deep trolls
  37 skeletal warriors
  A skyshark (shapeshifter) (Vaults:5)
  An anaconda zombie (Tomb:3)
  5 quicksilver dragon simulacra
  4 bog bodies
  15 orb spiders
  6 sea snakes
  8 spriggan druids
  5 kraken simulacra (Coc:1)
  6 glowing orange brains
  Lodul (D:11)
  6 obsidian statues
  12 swamp dragons
  12 shadow demons (Pan)
  An orb spider (shapeshifter) (Vaults:5)
  17 deep elf archers
  A mana viper (shapeshifter) (Vaults:5)
  A bunyip zombie (Tomb:2)
  A sun moth (shapeshifter) (Vaults:5)
  11 phantasmal warriors
  8 flayed ghosts
  18 shadow wraiths
  A spectral iron dragon (Tar:2)
  16 lindwurms
  19 ironbound convokers
  7 arcanists
  5 steelbarb worms
  9 sun moths
  A spectral hydra (Tar:5)
  18 wolf spiders
  An iron dragon zombie (Hell)
  34 deep elf pyromancers
  An ugly thing (shapeshifter) (Depths:3)
  11 necromancers
  An oklob plant (Lair:3)
  40 deep elf zephyrmancers
  2 fauns (shapeshifter)
  8 orc knights
  6 harpies
  9 cyclopes
  9 manticores
  26 ugly things
  7 orc sorcerers
  A faun (Zig:6)
  5 shining eyes
  A moth of wrath (shapeshifter) (Vaults:2)
  A spectral centaur (Tar:1)
  3 salamanders (Depths:1)
  A dire elephant zombie (Crypt:1)
  2 spectral alligator snapping turtles (Tar:1)
  54 large abominations
  An elephant (shapeshifter) (Vaults:3)
  3 will-o-the-wisps
  6 titan simulacra
  5 kobold blastminers
  12 meliai
  26 moths of wrath
  4 molten gargoyles (Hell)
  A toenail golem (Depths:2)
  A water nymph (Zig:16)
  2 merfolk sirens (Zig:16)
  9 torpor snails
  6 black mambas
  3 guardian serpents (Zot:1)
  6 apocalypse crabs
  8 elephants
  2 eyes of devastation
  A gargoyle (Zig:7)
  13 rust devils
  A meliai (shapeshifter) (D:15)
  7 ice statues
  13 vault sentinels
  83 smoke demons
  37 hellions
  15 cane toads
  A cane toad (shapeshifter) (Vaults:5)
  A dire elephant skeleton (Tomb:3)
  36 orange demons
  22 freezing wraiths
  A red draconian zombie (Crypt:2)
  2 kobold demonologists
  3 iron giant simulacra
  50 yaktaurs
  4 bunyip simulacra
  5 rime drakes
  A spark wasp simulacrum (Depths:2)
  4 anaconda simulacra
  41 guardian mummies
  33 tormentors
  4 efreet (Pan)
  2 catoblepas skeletons (Crypt:2)
  5 red devils
  8 komodo dragons
  Psyche (D:9)
  3 tengu conjurers
  A spectral harpy (Tar:3)
  5 ice devils
  2 ancient zymes (Abyss:3)
  A golden dragon simulacrum (Coc:3)
  A silent spectre (Tar:7)
  3 spectral nagas
  A queen bee (Lair:4)
  2 polar bears (shapeshifter)
  An alligator snapping turtle skeleton (Tomb:2)
  A shadow dragon simulacrum (Coc:1)
  23 hellwings
  A queen bee (shapeshifter) (Elf:1)
  7 merfolk (Zig:16)
  4 polar bears
  2 trolls
  A harpy zombie (Tomb:2)
  24 blink frogs
  11 tyrant leeches
  4 wind drakes (Zig:16)
  2 tengu simulacra
  5 glass eyes
  31 tarantellas
  4 iron dragon simulacra
  2 stone giant simulacra
  21 hornets
  A harpy skeleton (Hell)
  A dream sheep (Zig:9)
  A spectral swamp dragon (Tar:1)
  32 jumping spiders
  2 ettin zombies
  A centaur simulacrum (Hell)
  22 culicivoras
  A black mamba zombie (Crypt:3)
  8 dire elephant simulacra
  5 shadows
  A wind drake zombie (Crypt:1)
  36 ynoxinuls (Pan)
  4 vampires
  80 slime creatures
  14 spriggans
  13 wraiths
  3 wyverns
  A yak (shapeshifter) (Elf:1)
  3 fire elementals
  5 air elementals
  21 water elementals
  17 ushabtiu
  A fire bat (shapeshifter) (Elf:1)
  An alligator snapping turtle simulacrum (Coc:3)
  3 fire bats (Pan)
  6 basilisks
  77 yaks
  A hog (shapeshifter) (Abyss:3)
  A hog (Lair:3)
  2 humans (Lair:3)
  3 wargs
  A redback (shapeshifter) (Vaults:5)
  13 golden eyes
  27 neqoxecs (Pan)
  29 chaos spawn
  43 redbacks
  6 small abominations
  12 swamp worms
  2 death yak simulacra (IceCv)
  19 harpy simulacra
  24 vampire mosquitoes
  A swamp worm (shapeshifter) (Vaults:5)
  4 acid dragons
  A naga zombie (Crypt:2)
  An entropy weaver zombie (Crypt:2)
  4 hydra simulacra
  10 water moccasins
  A water moccasin (shapeshifter) (Vaults:5)
  6 hell hounds
  27 orc warriors
  4 ettin simulacra
  45 laughing skulls
  A black bear (Lair:3)
  2 ice beasts (D:6)
  18 wolves
  14 ogres
  7 swamp drakes
  7 centaurs
  A torpor snail zombie (Crypt:2)
  A rime drake zombie (Crypt:2)
  A dream sheep skeleton (Crypt:1)
  5 kobold brigands
  A phantom (D:7)
  3 weeping skulls (Abyss:3)
  A brain worm (shapeshifter) (Zig:8)
  16 bullfrogs
  Blork the orc (D:5)
  8 necrophages
  An elf skeleton (Crypt:1)
  4 scorpions
  A gnoll sergeant (D:9)
  A rime drake skeleton (Crypt:1)
  5 two-headed ogre simulacra (IceCv)
  7 earth elementals
  3 cane toad simulacra (IceCv)
  4 burial acolytes (Crypt:3)
  6 wights
  A troll zombie (Crypt:1)
  39 killer bees
  2 elephant simulacra (IceCv)
  2 electric eels
  5 lava snakes (D:12)
  2 bombardier beetles
  6 hounds
  3 quasits (Abyss:3)
  3 centaur zombies
  A basilisk zombie (Crypt:2)
  14 orc priests
  5 jellies
  4 human zombies
  3 starcursed masses (Abyss:3)
  3 iguanas
  A sleepcap (D:6)
  Natasha (thrice) (D:2)
  4 hell rats (Lair:4)
  2 human skeletons (Crypt:1)
  25 orc wizards
  An iron imp (Abyss:3)
  5 troll simulacra (IceCv)
  A boggart zombie (Crypt:1)
  2 polar bear simulacra (IceCv)
  8 spriggan simulacra
  2 wolf simulacra (IceCv)
  2 hound zombies (Ossuary)
  An ogre skeleton (Crypt:2)
  A boggart simulacrum (D:14)
  59 mummies
  11 gnolls
  6 naga simulacra
  A river rat (Bailey)
  8 adders
  A swamp drake skeleton (Crypt:2)
  10 white imps
  8 ufetubi
  6 adder zombies (Ossuary)
  3 ribbon worms
  4 dart slugs
  94 orcs
  9 bats
  10 endoplasms
  A giant cockroach (D:1)
  13 goblins
  13 hobgoblins
  4 jackals
  4 quokkas
  A river rat zombie (Crypt:2)
  10 ball pythons
  A ball python skeleton (Crypt:1)
  3 frilled lizards
  5 gnoll zombies (Ossuary)
  10 jackal zombies (Ossuary)
  29 kobolds
  5 kobold zombies (Ossuary)
  5 orc zombies (Ossuary)
  6 rats
  4 aspiring fleshes
  A ball lightning (Pan)
  A creeping inferno (Geh:7)
  5 fire vortices
  6 starspawn tentacles (Abyss:3)
  8 tentacles
4737 creatures vanquished.

Vanquished Creatures (collateral kills)
  Antaeus (Coc:7)
  Ereshkigal (Tar:7)
  the Serpent of Hell (Dis:7)
  Dispater (Dis:7)
  A pandemonium lord (Zot:5)
  A royal mummy (Tomb:3)
  2 Killer Klowns (Zot:5)
  A Hell Sentinel (Dis:7)
  An Ice Fiend (Zot:5)
  2 searing wretches (Geh:7)
  An ancient champion (Tomb:3)
  2 Orb Guardians (Zot:5)
  3 bennus (Tomb:3)
  An iron golem (Dis:7)
  2 mummy priests (Tomb:3)
  A merfolk impaler (Zig:16)
  A rakshasa (Zot:5)
  A merfolk aquamancer (Zig:16)
  A crystal echidna (Dis:7)
  2 sea snakes (Zig:16)
  A moth of wrath (Zot:5)
  A water nymph (Zig:16)
  2 manticores (Zig:16)
  An ice statue (Coc:7)
  2 merfolk (Zig:16)
  12 guardian mummies (Tomb:3)
  A wind drake (Zig:16)
  5 ushabtiu (Tomb:3)
  A small abomination (Zot:5)
  A water elemental (Zig:16)
  2 mummies (Tomb:3)
  A spectral weapon (Geh:7)
57 creatures vanquished.

Vanquished Creatures (others)
  2 Killer Klowns
  An Ice Fiend (Coc:7)
  An eldritch tentacle (Zig:13)
  A protean progenitor (Zig:12)
  2 fire giants
  A demonspawn blood saint (Pan)
  A very ugly thing (Zig:13)
  An elemental wellspring (Coc:6)
  A red draconian (Zot:5)
  A blizzard demon (Pan)
  4 juggernaut simulacra
  A jorogumo (Pan)
  2 hydras
  A soul eater (Hell)
  A deep elf knight (Elf:3)
  A spriggan druid (Swamp:4)
  3 spriggan simulacra
  A deep elf zephyrmancer (Crypt:1)
  A moth of wrath (Spider:1)
  A smoke demon (Pan)
  A large abomination (Abyss:3)
  An iron giant simulacrum (Coc:7)
  A tyrant leech (Swamp:1)
  4 bloated husks
  A hellwing (Pan)
  2 hornets
  2 stone giant simulacra
  A wraith (Crypt:2)
  A jumping spider (Spider:4)
  3 dire elephant simulacra
  A spriggan (Zig:4)
  A fire bat (Pan)
  An alligator snapping turtle simulacrum (Coc:2)
  A chaos spawn (Zig:10)
  2 harpy simulacra
  2 swamp drakes (Swamp:4)
  An orc wizard (Orc:2)
  An ufetubus (Abyss:3)
  An orc (Bailey)
  An endoplasm (Lair:5)
  3 kobolds (D:8)
  3 ball lightnings (Pan)
  4 creeping infernos
  25 foxfires
  A lurking horror (Abyss:3)
  4 starspawn tentacles (Abyss:3)
  13 tentacles
110 creatures vanquished.

Grand Total: 4904 creatures vanquished

Notes
Turn   | Place    | Note
-------+----------+-------------------------------------------
     0 | D:1      | jimmypageman the Gargoyle Fighter began the quest for the
                  | Orb.
     0 | D:1      | Reached XP level 1. HP: 14/14 MP: 1/1
    88 | D:1      | Found a faded altar of an unknown god.
   161 | D:1      | Reached XP level 2. HP: 19/19 MP: 2/2
   276 | D:1      | Found Peag's Assorted Antiques.
   293 | D:1      | Bought a scroll labelled UVOGENNYXA for 32 gold pieces
   293 | D:1      | Bought a scroll labelled TUKLIB VEAS for 32 gold pieces
   504 | D:1      | Reached XP level 3. HP: 23/23 MP: 3/3
   812 | D:2      | Noticed Natasha
   825 | D:2      | Killed Natasha
   826 | D:2      | Reached XP level 4. HP: 14/28 MP: 4/4
   991 | D:2      | Found Ryapreanno's Distillery.
  1035 | D:2      | Bought a potion of curing for 39 gold pieces
  1066 | D:2      | Found a bloodstained altar of Trog.
  1108 | D:2      | Noticed Natasha
  1116 | D:2      | Killed Natasha
  1127 | D:2      | Reached XP level 5. HP: 11/33 MP: 5/5
  1830 | D:2      | Noticed Natasha
  1846 | D:2      | Killed Natasha
  2235 | D:1      | Bought a purple potion for 28 gold pieces
  2235 | D:1      | Bought a yellow potion for 28 gold pieces
  2321 | D:3      | Identified the +5 hat of Pandemonium {rF- Str+6 Slay+3}
  2654 | D:3      | Reached XP level 6. HP: 38/38 MP: 6/6
  3212 | D:4      | Found Budyogym's Lightly-Used Armoury.
  3224 | D:4      | Bought a -2 eveningstar for 55 gold pieces
  3251 | D:4      | Found Jiosoigi's Armour Shop.
  3255 | D:4      | Reached skill level 5 in Maces & Flails
  3410 | D:4      | Reached XP level 7. HP: 42/42 MP: 7/7
  3803 | D:1      | Bought a scroll labelled SEEFOWA EROCAT for 32 gold pieces
  3803 | D:1      | Bought a purple potion for 28 gold pieces
  3864 | D:5      | Entered Level 5 of the Dungeon
  3868 | D:5      | Reached skill level 5 in Shields
  4188 | D:5      | Noticed Blork the orc
  4194 | D:5      | Killed Blork the orc
  4195 | D:5      | Reached skill level 5 in Armour
  4195 | D:5      | Reached XP level 8. HP: 39/48 MP: 8/8
  4440 | D:6      | Noticed a yak
  4442 | D:6      | Noticed a yak
  4481 | D:6      | Noticed a hornet
  4485 | D:6      | Killed a hornet
  4552 | D:6      | Found a sand-covered staircase.
  4557 | Ossuary  | Entered an ossuary
  5116 | D:6      | Identified the ring of Contentment {rN+ Will+}
  5152 | D:6      | Noticed a yak
  5153 | D:6      | Noticed a yak
  5155 | D:6      | Noticed a yak
  5156 | D:6      | Killed a yak
  5157 | D:6      | Reached XP level 9. HP: 50/52 MP: 9/9
  5166 | D:6      | Reached skill level 5 in Fighting
  5402 | D:6      | Reached skill level 10 in Maces & Flails
  5635 | D:6      | Found a staircase to the Ecumenical Temple.
  5845 | D:7      | Found a flagged portal.
  5854 | Bailey   | Entered a bailey
  5910 | Bailey   | Reached skill level 1 in Dodging
  5963 | Bailey   | Noticed a kobold demonologist
  5972 | Bailey   | Killed a kobold demonologist
  5973 | Bailey   | Reached XP level 10. HP: 60/60 MP: 10/10
  6355 | Bailey   | Acquired 1039 gold pieces
  6621 | Bailey   | Found an iron altar of Okawaru.
  6621 | Bailey   | Noticed an orc sorcerer
  6634 | Bailey   | Killed an orc sorcerer
  6645 | Bailey   | Found the +6 lightning scales {swift, rElec}
  6688 | Bailey   | Acquired the amulet "Xycaesot" {rF+ rC+ rN+ Regen+ SInv}
  6707 | Bailey   | Identified the +8 spear of Jyikyblo {speed, *Corrode Int+3
                  | Dex+2 SInv}
  6919 | Bailey   | Became a worshipper of Warmaster Okawaru
  6988 | D:7      | Reached skill level 1 in Invocations
  7163 | D:7      | Identified the +3 ring mail of Faxzioti {rN+ Int+4}
  7784 | D:8      | Reached * piety under Okawaru
  7912 | D:8      | Reached XP level 11. HP: 57/66 MP: 12/12
  7973 | D:8      | Noticed a manticore
  7988 | D:8      | Killed a manticore
  7988 | D:8      | Reached ** piety under Okawaru
  8014 | D:8      | Noticed a centaur warrior
  8023 | D:8      | Killed a centaur warrior
  8054 | D:8      | Noticed a deep elf pyromancer
  8055 | D:8      | Noticed a boulder beetle
  8055 | D:8      | Noticed a centaur warrior
  8391 | D:8      | Noticed a cyclops
  8394 | D:8      | a cyclops changed into a golden eye
  8425 | D:8      | Noticed a boulder beetle
  8457 | D:7      | Killed a boulder beetle
  8595 | D:7      | Killed a boulder beetle
  9184 | D:8      | Identified the ring "Qeucs" {Wiz Will- Int+2 Dex+2 Stlth+}
  9193 | D:8      | Killed a centaur warrior
  9235 | D:8      | Killed a deep elf pyromancer
  9235 | D:8      | Reached *** piety under Okawaru
  9487 | D:8      | Noticed Amaemon
  9504 | D:8      | Killed Amaemon
  9562 | D:8      | Found a transporter.
 10105 | D:9      | Noticed Psyche
 10115 | D:9      | Killed Psyche
 10144 | D:9      | Reached **** piety under Okawaru
 10170 | D:9      | Found a shimmering altar of Xom.
 10210 | D:9      | Found the +7 mace of Variability {chaos, chaos arc}
 10247 | D:9      | Reached XP level 12. HP: 52/72 MP: 15/15
 10418 | D:9      | Found a staircase to the Orcish Mines.
 10447 | D:9      | Found a stormy altar of Qazlal.
 10709 | D:10     | Entered Level 10 of the Dungeon
 10871 | D:10     | Reached skill level 1 in Stealth
 11446 | D:11     | Reached ***** piety under Okawaru
 11453 | D:11     | Reached skill level 5 in Invocations
 11455 | D:11     | Reached skill level 15 in Maces & Flails
 11507 | D:11     | Noticed Urug
 11516 | D:11     | Killed Urug
 11597 | D:11     | Reached skill level 10 in Shields
 11639 | D:11     | Found a sparkling altar of Nemelex Xobeh.
 11803 | D:11     | Noticed Lodul
 11816 | D:11     | Killed Lodul
 11933 | D:11     | Found a staircase to the Lair.
 12076 | D:11     | Noticed a boulder beetle
 12084 | D:11     | Killed a boulder beetle
 12151 | D:12     | Noticed a two-headed ogre
 12166 | D:12     | Killed a two-headed ogre
 12410 | D:12     | Noticed a two-headed ogre
 12415 | D:12     | Killed a two-headed ogre
 12456 | D:12     | Noticed a boulder beetle
 12475 | D:12     | Killed a boulder beetle
 12475 | D:12     | Received a gift from Okawaru
 12647 | D:12     | Reached XP level 13. HP: 68/78 MP: 17/17
 13027 | Lair:1   | Entered Level 1 of the Lair of Beasts
 13073 | Lair:1   | Found a frozen archway.
 13115 | IceCv    | Entered an ice cave
 13320 | IceCv    | Reached ****** piety under Okawaru
 13321 | IceCv    | Acquired the +8 eveningstar of Freehold {holy, *Slow rPois
                  | Will+ Str+3}
 13321 | IceCv    | Received a gift from Okawaru
 13323 | IceCv    | Acquired the +1 crystal plate armour of Vopn {Str+5}
 13323 | IceCv    | Received a gift from Okawaru
 13376 | IceCv    | Identified the +6 short sword "Opsium" {freeze, Str+7 Int-2
                  | Dex+2}
 13708 | IceCv    | Noticed a reaper
 13750 | IceCv    | Killed a reaper
 13750 | IceCv    | Received a gift from Okawaru
 14069 | Lair:1   | Found a runed translucent door.
 14070 | Lair:1   | Found a shimmering altar of Xom.
 14070 | Lair:1   | Noticed Xoai's ghost (novice SpEE)
 14998 | Lair:2   | Received a gift from Okawaru
 15823 | Lair:3   | Identified the +0 plate armour "Deeck" {-Cast Str+5}
 15843 | Lair:3   | Found a hole to the Spider Nest.
 15844 | Lair:3   | Noticed Kirke
 15944 | Lair:3   | Found a staircase to the Swamp.
 15951 | Lair:3   | Gained mutation: Your large and strong wings let you fly.
                  | [Gargoyle growth]
 15951 | Lair:3   | Reached XP level 14. HP: 86/86 MP: 19/19
 15972 | Lair:3   | Received a gift from Okawaru
 16056 | Lair:3   | Noticed a sphinx
 16059 | Lair:3   | Killed Kirke
 16111 | Lair:3   | Found a shimmering altar of Xom.
 16301 | Lair:4   | Found a runed translucent door.
 16383 | Lair:4   | Received a gift from Okawaru
 16634 | Lair:4   | Received a gift from Okawaru
 16947 | Lair:4   | Noticed Yckitesch's ghost (journeyman DsNe)
 17365 | Lair:5   | Entered Level 5 of the Lair of Beasts
 17403 | Lair:5   | Received a gift from Okawaru
 17454 | Lair:5   | Found a staircase to the Slime Pits.
 17454 | Lair:5   | Found a viscous altar of Jiyva.
 17483 | Lair:5   | Reached skill level 10 in Fighting
 17605 | Lair:5   | Reached XP level 15. HP: 55/92 MP: 19/21
 17873 | Lair:5   | Reached skill level 15 in Shields
 17895 | Lair:5   | Received a gift from Okawaru
 18140 | Lair:5   | Received a gift from Okawaru
 18295 | Lair:5   | Noticed Josephine
 18297 | Lair:5   | Noticed Nessos
 18309 | Lair:5   | Killed Nessos
 18313 | Lair:5   | Killed Josephine
 18669 | Lair:5   | Acquired 947 gold pieces
 18822 | Orc:1    | Entered Level 1 of the Orcish Mines
 18877 | Orc:2    | Entered Level 2 of the Orcish Mines
 18879 | Orc:2    | Found a staircase to the Elven Halls.
 19033 | Orc:2    | Received a gift from Okawaru
 19144 | Orc:2    | Reached skill level 10 in Invocations
 19624 | Orc:2    | Found Wuwk's Magic Scroll Shop.
 19624 | Orc:2    | Found Eloaxt's General Store.
 19626 | Orc:2    | Found Ywyabuutte's Armour Shoppe.
 19626 | Orc:2    | Found Xeymoube's Antique Armour Shop.
 19632 | Orc:2    | Bought 2 potions of heal wounds for 120 gold pieces
 19638 | Orc:2    | Bought 2 scrolls of revelation for 195 gold pieces
 19638 | Orc:2    | Bought 3 scrolls of fear for 156 gold pieces
 19638 | Orc:2    | Bought a scroll of identify for 26 gold pieces
 19638 | Orc:2    | Bought a scroll of identify for 26 gold pieces
 19638 | Orc:2    | Bought a scroll of identify for 26 gold pieces
 20055 | Orc:1    | Found Vakaes's Jewellery Boutique.
 20233 | D:13     | Reached XP level 16. HP: 81/100 MP: 23/23
 20264 | D:13     | Found Munteu's Armour Shoppe.
 20444 | D:13     | Found a portal to a secret trove of treasure.
 20553 | D:13     | Identified the +4 sling of Balance {drain, rN+}
 20667 | D:13     | Found Tudom's Weapon Emporium.
 20734 | D:13     | Found Keiq's Weapon Shoppe.
 20780 | D:13     | Found Dohaar's Distillery.
 20792 | D:13     | Bought a potion of might for 56 gold pieces
 20792 | D:13     | Bought a potion of heal wounds for 70 gold pieces
 20792 | D:13     | Bought a potion of curing for 42 gold pieces
 20792 | D:13     | Bought a potion of curing for 42 gold pieces
 20792 | D:13     | Bought 2 potions of might for 112 gold pieces
 20811 | D:13     | Found Siumarr's Distillery.
 20820 | D:13     | Bought a potion of resistance for 140 gold pieces
 20820 | D:13     | Bought a potion of heal wounds for 70 gold pieces
 20820 | D:13     | Bought a potion of curing for 42 gold pieces
 20820 | D:13     | Bought a potion of might for 56 gold pieces
 21003 | D:14     | Noticed Louise
 21032 | D:14     | Killed Louise
 21032 | D:14     | Received a gift from Okawaru
 21321 | D:14     | Noticed Rupert
 21323 | D:14     | Found a gate to the Vaults.
 21335 | D:14     | Killed Rupert
 21365 | D:14     | Received a gift from Okawaru
 21892 | D:14     | Found a large runed translucent door.
 21892 | D:14     | Found a large runed translucent door.
 22176 | D:14     | Paralysed by an air elemental for 1 turns
 22253 | D:15     | Entered Level 15 of the Dungeon
 22550 | D:15     | Found Kinluhex's Antique Armour Shop.
 22562 | D:15     | Bought a pair of embroidered gloves for 255 gold pieces
 22562 | D:15     | Bought a runed scarf for 272 gold pieces
 23095 | D:15     | Found a staircase to the Depths.
 23493 | D:2      | Bought a potion of heal wounds for 65 gold pieces
 23493 | D:2      | Bought a potion of curing for 39 gold pieces
 23493 | D:2      | Bought a potion of heal wounds for 65 gold pieces
 23493 | D:2      | Bought a potion of curing for 39 gold pieces
 23493 | D:2      | Bought a potion of heal wounds for 65 gold pieces
 23493 | D:2      | Bought a potion of heal wounds for 65 gold pieces
 23737 | Spider:1 | Entered Level 1 of the Spider Nest
 23974 | Spider:1 | Reached skill level 10 in Armour
 24131 | Spider:1 | Received a gift from Okawaru
 24462 | Spider:1 | Reached XP level 17. HP: 93/106 MP: 22/25
 24793 | Spider:1 | Received a gift from Okawaru
 25247 | Spider:1 | Identified the +4 whip "Buedics" {flame, rC+ Int+3}
 25587 | Spider:2 | Noticed Roxanne
 25600 | Spider:2 | Killed Roxanne
 25889 | Spider:2 | Noticed Arachne
 25900 | Spider:2 | Killed Arachne
 26127 | Spider:2 | Received a gift from Okawaru
 26262 | Spider:2 | Found a transporter.
 26262 | Spider:2 | Found a transporter.
 26557 | Spider:2 | Got the +4 pair of boots "Zabiffaw" {Harm *Corrode Regen+}
 26983 | Spider:3 | Received a gift from Okawaru
 27278 | Spider:4 | Entered Level 4 of the Spider Nest
 27480 | Spider:4 | Noticed Asterion
 27490 | Spider:4 | Killed Asterion
 27868 | Spider:4 | Noticed Nikola
 27879 | Spider:4 | Reached XP level 18. HP: 109/113 MP: 20/27
 27897 | Spider:4 | Killed Nikola
 28770 | Spider:4 | Got a gossamer rune of Zot
 29109 | Swamp:1  | Entered Level 1 of the Swamp
 29708 | Swamp:1  | Identified the +1 ring mail of the Hills {^Drain rElec
                  | rPois Dex+2 Slay+3}
 30137 | Swamp:2  | Received a gift from Okawaru
 30210 | Swamp:2  | Noticed Donald
 30224 | Swamp:2  | Killed Donald
 30891 | Swamp:2  | Received a gift from Okawaru
 31089 | Swamp:3  | Noticed Mlioglotl
 31096 | Swamp:3  | Killed Mlioglotl
 31506 | Swamp:4  | Entered Level 4 of the Swamp
 31970 | Swamp:4  | Reached XP level 19. HP: 104/120 MP: 22/28
 32030 | Swamp:4  | Received a gift from Okawaru
 32375 | Swamp:4  | Got a decaying rune of Zot
 32616 | Vaults:1 | Entered Level 1 of the Vaults
 34034 | Vaults:1 | Received a gift from Okawaru
 34143 | Vaults:1 | Found Laci's Book Shoppe.
 34490 | Vaults:1 | Reached XP level 20. HP: 128/128 MP: 30/30
 34688 | Vaults:2 | Found a flickering gateway to a bazaar.
 34700 | Bazaar   | Entered a bazaar
 34700 | Bazaar   | Found Jehyur's Magic Scroll Boutique.
 34700 | Bazaar   | Found Vumuy's Antique Weapon Shop.
 34700 | Bazaar   | Found Etautz's Distillery.
 34703 | Bazaar   | Bought a scroll of revelation for 67 gold pieces
 34703 | Bazaar   | Bought 2 scrolls of blinking for 135 gold pieces
 34705 | Bazaar   | Bought a potion of cancellation for 120 gold pieces
 34705 | Bazaar   | Bought a potion of magic for 120 gold pieces
 34705 | Bazaar   | Bought a potion of heal wounds for 75 gold pieces
 34713 | Bazaar   | Bought a scroll of brand weapon for 85 gold pieces
 34713 | Bazaar   | Bought a scroll of brand weapon for 85 gold pieces
 34858 | Vaults:2 | Received a gift from Okawaru
 35283 | Vaults:2 | Reached skill level 15 in Fighting
 35766 | Vaults:2 | Found a staircase to the Crypt.
 35812 | Vaults:3 | Received a gift from Okawaru
 36582 | Vaults:3 | Received a gift from Okawaru
 36611 | Vaults:3 | You are sucked into a shaft and drop 1 floor!
 36749 | Vaults:4 | Reached XP level 21. HP: 128/136 MP: 32/32
 36847 | Vaults:4 | Reached skill level 15 in Invocations
 36875 | Vaults:4 | Identified the orb of the Hammering Gods {light, Will+
                  | Regen+}
 36875 | Vaults:4 | Noticed Frederick
 36891 | Vaults:4 | Killed Frederick
 36949 | Vaults:4 | Received a gift from Okawaru
 37418 | Vaults:3 | Found Otiodgh's General Store.
 37754 | Elf:1    | Entered Level 1 of the Elven Halls
 37991 | Elf:1    | Received a gift from Okawaru
 37994 | Elf:1    | Paralysed by an air elemental for 1 turns
 38977 | Elf:2    | Found a flickering gateway to a bazaar.
 39016 | Bazaar   | Entered a bazaar
 39016 | Bazaar   | Found Myesm's Weapon Shop.
 39020 | Bazaar   | Found Ruhucikk's Jewellery Boutique.
 39040 | Bazaar   | Found Louc's Assorted Antiques.
 39071 | Bazaar   | Found Kumynnad's General Store.
 39079 | Bazaar   | Bought a potion of heal wounds for 85 gold pieces
 39079 | Bazaar   | Bought a potion of curing for 51 gold pieces
 39079 | Bazaar   | Bought a potion of magic for 136 gold pieces
 39079 | Bazaar   | Bought a potion of lignification for 51 gold pieces
 39079 | Bazaar   | Found Himnaasm's Antique Armour Boutique.
 39258 | Elf:2    | Paralysed by an air elemental for 1 turns
 39265 | Elf:2    | Paralysed by an air elemental for 1 turns
 39270 | Elf:2    | Paralysed by an air elemental for 1 turns
 39353 | Elf:2    | Found a runed translucent gate.
 39353 | Elf:2    | Found a runed translucent gate.
 39353 | Elf:2    | Found a runed translucent gate.
 39375 | Elf:2    | Received a gift from Okawaru
 39747 | Elf:2    | Reached XP level 22. HP: 148/148 MP: 30/33
 39981 | Elf:3    | Entered Level 3 of the Elven Halls
 40089 | Elf:3    | Received a gift from Okawaru
 40593 | Elf:3    | Reached skill level 15 in Armour
 40684 | Abyss:3  | Cast into level 3 of the Abyss (a deep elf demonologist)
 40722 | Abyss:3  | Found a corrupted altar of Lugonu.
 40783 | Abyss:3  | Paralysed by accursed screaming for 2 turns
 40847 | Abyss:3  | Found a corrupted altar of Lugonu.
 41013 | Abyss:3  | Received a gift from Okawaru
 41109 | Elf:3    | Escaped the Abyss
 41721 | Elf:3    | Identified the +9 rapier "Ynniyc" {freeze, Will+ Int+4 SInv
                  | Stlth+}
 41783 | Elf:3    | Gained mutation: You occasionally lose the ability to read
                  | scrolls when taking damage. [a cacodemon]
 41874 | Elf:3    | Identified the +7 dire flail of Pandemonium {venom, *Noise
                  | rN+++ rCorr SInv}
 41874 | Elf:3    | Identified the ring of Piskam {rN+ Will+ AC+4 Str-2 Stlth+}
 41909 | Elf:3    | Identified the +5 scale mail of Xom's Condemnation {Int+3}
 41959 | Elf:3    | Got the Elucidation of Sinister Ceremonies
 41960 | Elf:3    | Identified the +11 arbalest of Distant Shores {penet,
                  | ^Drain +Blink rPois Int+5}
 41966 | Elf:3    | Identified the +8 shortbow "Puiv" {flame, MP-9 Str+4}
 41967 | Elf:3    | Identified the +0 orcbow of Burning Indomitability {drain,
                  | rElec Will+ Int-4}
 41978 | Elf:3    | Identified the +8 dagger of Certain Death {venom, rPois
                  | Str+6 Int-2 Dex+2}
 42023 | Elf:3    | Found the +0 pair of fencer's gloves {Riposte Dex+3}
 42528 | Depths:1 | Entered Level 1 of the Depths
 42554 | Depths:1 | Identified the +1 trident of Qazlal's Supremacy {pain, Fly
                  | Str+2 SInv}
 42714 | Depths:1 | Found a gateway to Hell.
 42785 | Depths:1 | Found Ocsige's Antique Weapon Boutique.
 42785 | Depths:1 | Found Duenuikh's Antique Weapon Shop.
 42910 | Depths:2 | Found a one-way gate leading to the halls of Pandemonium.
 43098 | Depths:2 | Noticed Vv
 43117 | Depths:2 | Killed Vv
 43170 | Depths:2 | Found a transporter.
 43172 | Depths:2 | Found a transporter.
 43178 | Depths:2 | Found a viscous altar of Jiyva.
 43194 | Depths:2 | Reached XP level 23. HP: 159/159 MP: 35/35
 43637 | Depths:3 | Received a gift from Okawaru
 43669 | Depths:3 | Noticed a dread lich
 43670 | Depths:3 | Found a one-way gateway to a ziggurat.
 43762 | Depths:3 | Found a one-way gate to the infinite horrors of the Abyss.
 43804 | Depths:3 | Found a hazy altar of Hepliaklqana.
 44553 | Depths:4 | Entered Level 4 of the Depths
 44569 | Depths:4 | Found Jinaul's Weapon Shop.
 44852 | Depths:4 | Found Roaliti's Jewellery Shop.
 44852 | Depths:4 | Found Liarofeb's Book Emporium.
 44853 | Depths:4 | Found Helapt's Book Emporium.
 44915 | Depths:4 | Found Ygenu's Magic Scroll Shop.
 45135 | Depths:4 | Found Qioki's Assorted Antiques.
 45143 | Depths:4 | Bought a scroll of teleportation for 84 gold pieces
 45378 | Depths:4 | Bought a scroll of teleportation for 60 gold pieces
 45378 | Depths:4 | Bought a scroll of enchant weapon for 150 gold pieces
 45382 | Depths:4 | Found Inlum's Fire Supplies.
 45863 | Depths:4 | Found a runed translucent door.
 45866 | Depths:4 | Found a runed translucent door.
 45870 | Depths:4 | Found a runed translucent door.
 45888 | Depths:4 | Found a runed translucent door.
 45995 | Depths:4 | Found a runed translucent door.
 46015 | Depths:4 | Found a runed translucent door.
 46083 | Depths:4 | Found a gate to the Realm of Zot.
 46312 | Depths:1 | Found a corrupted altar of Lugonu.
 46344 | Depths:1 | Found a transporter.
 46359 | Depths:1 | Found Afugoru's Distillery.
 46369 | Depths:1 | Bought a potion of curing for 54 gold pieces
 46369 | Depths:1 | Bought a potion of heal wounds for 90 gold pieces
 46369 | Depths:1 | Bought a potion of curing for 54 gold pieces
 46369 | Depths:1 | Bought a potion of curing for 54 gold pieces
 46369 | Depths:1 | Bought a potion of curing for 54 gold pieces
 46707 | Depths:1 | Found a transporter.
 46742 | Depths:1 | Found an opulent altar of Gozag.
 47082 | Vaults:5 | Entered Level 5 of the Vaults
 47095 | Vaults:5 | Reached XP level 24. HP: 133/170 MP: 31/36
 47277 | Vaults:5 | Received a gift from Okawaru
 47500 | Vaults:5 | Identified the staff of the Final Decision {Int+3 Conj}
 47583 | Vaults:5 | Received a gift from Okawaru
 47790 | Vaults:5 | Identified the +3 chain mail of the Swamp {rPois Will-
                  | Str+3}
 47799 | Vaults:5 | Got a silver rune of Zot
 47805 | Vaults:5 | Identified the ring "Ziockeuz" {Will+ AC+4 Str+2}
 48017 | Vaults:5 | Identified the +7 whip of the Nine Artists {heavy, ^Drain
                  | rElec rN++ Will+}
 48092 | Vaults:5 | Identified the +4 ring mail "Earthly Heaven" {rPois SInv}
 48674 | Temple   | Entered the Ecumenical Temple
 48697 | Temple   | Fell from the grace of Okawaru
 48697 | Temple   | Became a worshipper of the Shining One
 48989 | Crypt:1  | Entered Level 1 of the Crypt
 49021 | Crypt:1  | Reached * piety under the Shining One
 49089 | Crypt:1  | Reached XP level 25. HP: 182/182 MP: 36/36
 49194 | Crypt:1  | Reached ** piety under the Shining One
 49343 | Crypt:1  | Reached *** piety under the Shining One
 49688 | Crypt:2  | Reached **** piety under the Shining One
 49819 | Crypt:2  | Reached ***** piety under the Shining One
 50136 | Crypt:2  | Reached ****** piety under the Shining One
 50671 | Crypt:3  | Entered Level 3 of the Crypt
 50744 | Crypt:3  | Found an ancient bone altar of Kikubaaqudgha.
 51073 | D:13     | You paid a toll of 2 scrolls of acquirement to enter a
                  | treasure trove
 51074 | Trove    | Entered a treasure trove
 51116 | Trove    | Identified the ring "Zuregri" {rF+ rC+ EV+5 Str+3}
 51528 | Crypt:3  | Identified the staff "Hicympa" {rF+ Hexes Fire}
 51634 | Crypt:3  | Noticed Jory
 51649 | Crypt:3  | Killed Jory
 51650 | Crypt:3  | Reached skill level 27 in Fighting
 51653 | Crypt:3  | Found a staircase to the Tomb.
 51691 | Crypt:3  | Found the +2 hood of the Assassin {Detect Stab+ Stlth++}
 51790 | Crypt:3  | Identified the ring "Viri" {rF+ rN+}
 51796 | Crypt:3  | Identified the ring "Fusaram" {rN+ rCorr Int+5 Stlth-}
 51819 | Crypt:3  | Identified the staff of an ossuary {^Drain +Blink Will-
                  | Int+9 Conj}
 52650 | Slime:1  | Entered Level 1 of the Pits of Slime
 52674 | Slime:1  | Gained mutation: You occasionally lose the ability to drink
                  | potions when taking damage. [a shining eye]
 52676 | Slime:1  | Reached skill level 1 in Evocations
 52695 | Slime:1  | Lost mutation: You occasionally lose the ability to drink
                  | potions when taking damage. [potion of mutation]
 52695 | Slime:1  | Lost mutation: You occasionally lose the ability to read
                  | scrolls when taking damage. [potion of mutation]
 52695 | Slime:1  | Gained mutation: You are clumsy. (Dex -2) [potion of
                  | mutation]
 52695 | Slime:1  | Lost mutation: You are clumsy. (Dex -2) [potion of
                  | mutation]
 52695 | Slime:1  | Gained mutation: You are partially covered in iridescent
                  | scales. (AC +2) [potion of mutation]
 52718 | Slime:2  | Reached skill level 1 in Throwing
 52778 | Slime:5  | Entered Level 5 of the Pits of Slime
 52996 | Slime:5  | Noticed the Royal Jelly
 53021 | Slime:5  | Killed the Royal Jelly
 53022 | Slime:5  | Reached XP level 26. HP: 172/193 MP: 36/36
 53083 | Slime:5  | Gained mutation: You occasionally shout uncontrollably at
                  | your foes. [a shining eye]
 53087 | Slime:5  | Gained mutation: Armour fits poorly on your strangely
                  | shaped body. [a shining eye]
 53098 | Slime:5  | Gained mutation: You are weak. (Str -2) [a shining eye]
 53173 | Slime:5  | Identified the +1 cloak of Tartarus {rElec Dex+2}
 53174 | Slime:5  | Identified the staff "Beast's Foe" {rN+ Str+2 Int+9 Dex-2
                  | Stlth+ Necro}
 53202 | Slime:5  | Got Leniafrint's Discourse on Tropical Chemistry
 53239 | Slime:5  | Identified the +8 chain mail "Umona" {rF+}
 53272 | Slime:5  | Identified the +3 quarterstaff "Piotili" {protect, *Noise
                  | rElec Str+3 Stlth+}
 53284 | Slime:5  | Got a starry gem with 9 turns to spare
 53290 | Slime:5  | Identified the +5 orcbow of Tugoch {freeze, Fly rElec rPois
                  | Str-2}
 53292 | Slime:5  | Got a slimy rune of Zot
 53448 | Slime:5  | Was forgiven by Okawaru
 53696 | Slime:3  | You are sucked into a shaft and drop 1 floor!
 53725 | Slime:3  | Gained mutation: You have hidden genetic defects. [a
                  | shining eye]
 54038 | Lair:5   | Lost mutation: You occasionally shout uncontrollably at
                  | your foes. [potion of mutation]
 54038 | Lair:5   | Lost mutation: Armour fits poorly on your strangely shaped
                  | body. [potion of mutation]
 54038 | Lair:5   | Lost mutation: You are weak. (Str -2) [potion of mutation]
 54038 | Lair:5   | Gained mutation: You have a pair of small antennae on your
                  | head. [potion of mutation]
 54039 | Lair:5   | Lost mutation: You are partially covered in iridescent
                  | scales. (AC +2) [potion of mutation]
 54039 | Lair:5   | Lost mutation: You have a pair of small antennae on your
                  | head. [potion of mutation]
 54039 | Lair:5   | Lost mutation: You have hidden genetic defects. [potion of
                  | mutation]
 54039 | Lair:5   | Gained mutation: You have an increased reservoir of magic.
                  | (+10% MP) [potion of mutation]
 54039 | Lair:5   | Gained mutation: Your movements are slightly less
                  | encumbered by armour. (ER -2) [potion of mutation]
 54186 | D:13     | Bought a potion of mutation for 112 gold pieces
 54333 | Depths:1 | Bought a potion of experience for 900 gold pieces
 54333 | Depths:1 | Bought a potion of lignification for 54 gold pieces
 54600 | Depths:1 | Identified the ring of Mydwoha {rPois MP+9}
 54615 | Depths:1 | Identified the ring of Qegoim {rC+ rN+ SInv}
 54888 | D:2      | Bought a potion of mutation for 104 gold pieces
 54888 | D:2      | Bought a potion of mutation for 104 gold pieces
 54888 | D:2      | Reached XP level 27. HP: 199/199 MP: 39/39
 55281 | Pan      | Entered Pandemonium
 55345 | Pan      | Reached skill level 5 in Evocations
 55356 | Pan      | Reached skill level 5 in Throwing
 55428 | Pan      | Noticed Ifosouf the pandemonium lord
 55431 | Pan      | Killed Ifosouf the pandemonium lord
 55943 | Pan      | Noticed Heypp the pandemonium lord
 56078 | Pan      | Killed Heypp the pandemonium lord
 56800 | Pan      | Noticed Woseh the pandemonium lord
 56807 | Pan      | Killed Woseh the pandemonium lord
 56813 | Pan      | Got a demonic rune of Zot
 56825 | Pan      | Identified the ring of Greed {AC+4 Str+2 Dex+4}
 57008 | Pan      | Entered the realm of Lom Lobon.
 57083 | Pan      | Noticed Lom Lobon
 57102 | Pan      | Killed Lom Lobon
 57207 | Pan      | Got a magical rune of Zot
 57649 | Pan      | Found an exit through the horrors of the Abyss.
 58244 | Pan      | Reached skill level 5 in Dodging
 58255 | Pan      | Noticed Akeat the pandemonium lord
 58264 | Pan      | Killed Akeat the pandemonium lord
 58384 | Pan      | Identified the +5 ring mail "Burghutev" {Will+ Int+2
                  | Stlth+}
 58747 | Pan      | Noticed Pennir the pandemonium lord
 58756 | Pan      | Killed Pennir the pandemonium lord
 59526 | Pan      | Noticed Ocsut the pandemonium lord
 59531 | Pan      | Killed Ocsut the pandemonium lord
 59619 | Pan      | Found an exit through the horrors of the Abyss.
 60344 | Pan      | Noticed Hyfrisah the pandemonium lord
 60357 | Pan      | Killed Hyfrisah the pandemonium lord
 60762 | Pan      | Found an exit through the horrors of the Abyss.
 61127 | Pan      | Noticed Kahast the pandemonium lord
 61261 | Pan      | Gained mutation: You are weak. (Str -2) [a cacodemon]
 61358 | Pan      | Found an exit through the horrors of the Abyss.
 62132 | Pan      | Killed Kahast the pandemonium lord
 62166 | Pan      | Reached skill level 10 in Throwing
 62746 | Pan      | Noticed Haar the pandemonium lord
 62757 | Pan      | Killed Haar the pandemonium lord
 62810 | Pan      | Found an exit through the horrors of the Abyss.
 63370 | Pan      | Noticed Ziumay the pandemonium lord
 63377 | Pan      | Killed Ziumay the pandemonium lord
 63394 | Pan      | Gained mutation: You are clumsy. (Dex -2) [a neqoxec]
 63784 | Pan      | Found an exit through the horrors of the Abyss.
 63960 | Pan      | Identified the +3 scale mail of Responsibility {rN+ Dex+2
                  | Slay+3}
 64014 | Pan      | Entered the realm of Cerebov.
 64464 | Pan      | Found the +6 sword of Cerebov {flame}
 64464 | Pan      | Noticed Cerebov
 64487 | Pan      | Killed Cerebov
 64547 | Pan      | Identified the +7 long sword of Veucs {freeze, rF++ Int+4}
 64550 | Pan      | Identified the +6 glaive "Zyulat" {drain, rC+ rCorr Str-3
                  | Stlth+}
 64551 | Pan      | Identified the +4 falchion of Brawling {freeze, rPois
                  | rCorr}
 64553 | Pan      | Got Asmodeus's Collected Works on Supportive Thermatology
 64574 | Pan      | Identified the +1 robe of the Stone Wall {rC+}
 64602 | Pan      | Identified the amulet of Ockof {Faith ^Contam rElec rN++
                  | rCorr}
 64626 | Pan      | Got a fiery rune of Zot
 65029 | Pan      | Gained mutation: You are dopey. (Int -2) [a cacodemon]
 65316 | Pan      | Noticed Niffuha the pandemonium lord
 65376 | Pan      | Killed Niffuha the pandemonium lord
 65562 | Pan      | Entered the realm of Gloorx Vloq.
 65570 | Pan      | Reached skill level 27 in Shields
 65724 | Pan      | Noticed Gloorx Vloq
 65737 | Pan      | Killed Gloorx Vloq
 65788 | Pan      | Got a dark rune of Zot
 66262 | Pan      | Noticed Gioc the pandemonium lord
 66266 | Pan      | Killed Gioc the pandemonium lord
 66938 | Pan      | Entered the realm of Mnoleg.
 66979 | Pan      | Found an exit through the horrors of the Abyss.
 67046 | Pan      | Reached skill level 27 in Maces & Flails
 67060 | Pan      | Noticed Mnoleg
 67064 | Pan      | Gained mutation: Your body sometimes deteriorates upon
                  | taking damage. [a neqoxec]
 67069 | Pan      | Killed Mnoleg
 67069 | Pan      | Gained mutation: You are vulnerable to cold. (rC-) [a
                  | neqoxec]
 67070 | Pan      | Gained mutation: You are very weak. (Str -4) [a neqoxec]
 67071 | Pan      | Gained mutation: You are frail. (-10% HP) [a cacodemon]
 67514 | Pan      | Gained mutation: You occasionally lose the ability to drink
                  | potions when taking damage. [a neqoxec]
 67591 | Pan      | Gained mutation: Your body often deteriorates upon taking
                  | damage. [a cacodemon]
 67592 | Pan      | Gained mutation: You are very frail. (-20% HP) [a
                  | cacodemon]
 67923 | Pan      | Got a glowing rune of Zot
 68056 | Pan      | Took an exit into the Abyss.
 68056 | Abyss:3  | Escaped into the Abyss
 68065 | Abyss:3  | Found a glowing golden altar of the Shining One.
 68152 | Abyss:3  | Found a corrupted altar of Lugonu.
 68223 | Abyss:3  | Got an abyssal rune of Zot
 68268 | Abyss:3  | Found a glowing golden altar of the Shining One.
 68269 | Abyss:3  | Found a corrupted altar of Lugonu.
 68360 | Depths:2 | Escaped the Abyss
 68361 | Depths:2 | Lost mutation: You are very frail. (-20% HP) [potion of
                  | mutation]
 68361 | Depths:2 | Lost mutation: You occasionally lose the ability to drink
                  | potions when taking damage. [potion of mutation]
 68361 | Depths:2 | Gained mutation: Armour fits poorly on your strangely
                  | shaped body. [potion of mutation]
 68361 | Depths:2 | Lost mutation: You are dopey. (Int -2) [potion of mutation]
 68362 | Depths:2 | Lost mutation: Your body often deteriorates upon taking
                  | damage. [potion of mutation]
 68362 | Depths:2 | Lost mutation: You are frail. (-10% HP) [potion of
                  | mutation]
 68362 | Depths:2 | Lost mutation: You are clumsy. (Dex -2) [potion of
                  | mutation]
 68362 | Depths:2 | Gained mutation: You are frail. (-10% HP) [potion of
                  | mutation]
 68362 | Depths:2 | Gained mutation: You expend magic power (3 MP) to
                  | strengthen your wands. [potion of mutation]
 68363 | Depths:2 | Lost mutation: You are frail. (-10% HP) [potion of
                  | mutation]
 68363 | Depths:2 | Lost mutation: You are vulnerable to cold. (rC-) [potion of
                  | mutation]
 68363 | Depths:2 | Lost mutation: Your body sometimes deteriorates upon taking
                  | damage. [potion of mutation]
 68363 | Depths:2 | Gained mutation: You have a pair of small antennae on your
                  | head. [potion of mutation]
 68363 | Depths:2 | Gained mutation: Your natural rate of healing is unusually
                  | fast. [potion of mutation]
 68364 | Depths:2 | Lost mutation: You have a pair of small antennae on your
                  | head. [potion of mutation]
 68364 | Depths:2 | Lost mutation: You are very weak. (Str -4) [potion of
                  | mutation]
 68364 | Depths:2 | Gained mutation: You are agile. (Dex +4, Str/Int -1)
                  | [potion of mutation]
 68364 | Depths:2 | Gained mutation: You have hidden genetic potential. [potion
                  | of mutation]
 68364 | Depths:2 | Gained mutation: You sometimes lose your temper in combat.
                  | [potion of mutation]
 68364 | Depths:2 | Lost mutation: You are weak. (Str -2) [potion of mutation]
 68522 | Depths:3 | Killed a dread lich
 68536 | Zig:1    | Entered Level 1 of a ziggurat
 68539 | Zig:1    | Identified the +2 scale mail "Karhuex" {Rampage rC- Regen+
                  | Str+7}
 68546 | Zig:2    | Entered Level 2 of a ziggurat
 68562 | Zig:3    | Entered Level 3 of a ziggurat
 68579 | Zig:4    | Entered Level 4 of a ziggurat
 68597 | Zig:4    | Identified the +0 pair of gloves of the Planets {rN+ Will-
                  | SInv}
 68607 | Zig:5    | Entered Level 5 of a ziggurat
 68608 | Zig:5    | Noticed Kelanur the pandemonium lord
 68618 | Zig:5    | Killed Kelanur the pandemonium lord
 68625 | Zig:5    | Identified the ring "Ockooboo" {rCorr Int+3 SInv}
 68636 | Zig:6    | Entered Level 6 of a ziggurat
 68671 | Zig:6    | Identified the ring of the Tuna {Fly rPois Int+3}
 68696 | Zig:7    | Entered Level 7 of a ziggurat
 68749 | Zig:7    | Identified the +8 flail of Bulas {holy, rN+ Str+6 Int+3}
 68772 | Zig:8    | Entered Level 8 of a ziggurat
 68840 | Zig:9    | Entered Level 9 of a ziggurat
 68885 | Zig:9    | Identified the +0 cloak of the Sun {rN+}
 68892 | Zig:9    | Identified the +5 orcbow of the Hills {antimagic, Will+
                  | Int+5}
 68895 | Zig:9    | Got Zabyrphe's Secrets of the Charged Ground
 68922 | Zig:10   | Entered Level 10 of a ziggurat
 68928 | Zig:10   | Noticed Enuicw the pandemonium lord
 68928 | Zig:10   | Noticed Curufodu the pandemonium lord
 68948 | Zig:10   | Killed Enuicw the pandemonium lord
 68951 | Zig:10   | Reached skill level 15 in Throwing
 68967 | Zig:10   | Killed Curufodu the pandemonium lord
 69013 | Zig:11   | Entered Level 11 of a ziggurat
 69099 | Zig:11   | Identified the +5 mace "Goblin's Death" {speed, rPois
                  | Str+3}
 69123 | Zig:12   | Entered Level 12 of a ziggurat
 69131 | Zig:12   | Noticed Ucvycy the pandemonium lord
 69137 | Zig:12   | Noticed Myaryeny the pandemonium lord
 69141 | Zig:12   | Noticed Jaek the pandemonium lord
 69144 | Zig:12   | Killed Ucvycy the pandemonium lord
 69148 | Zig:12   | Killed Myaryeny the pandemonium lord
 69159 | Zig:12   | Killed Jaek the pandemonium lord
 69210 | Zig:12   | Identified the dragon-blood talisman of the Mackerel {Int+4
                  | Dex+2}
 69211 | Zig:12   | Identified the +1 orcbow of Disembowelment {freeze, rC-
                  | Dex+4}
 69212 | Zig:12   | Identified the +3 great sword of Qeruf {flame, Int+2}
 69213 | Zig:12   | Identified the +0 shortbow of the Maze {flame, rPois}
 69220 | Zig:12   | Identified the +0 leather armour of the Ecumenical Temple
                  | {Regen+ Str+3}
 69226 | Zig:12   | Identified the +4 war axe "Dragonbane" {flame, rPois rF+
                  | rC+}
 69270 | Zig:13   | Entered Level 13 of a ziggurat
 69300 | Zig:13   | Noticed Zuimiud the pandemonium lord
 69303 | Zig:13   | Noticed Lemeti the pandemonium lord
 69320 | Zig:13   | Killed Zuimiud the pandemonium lord
 69330 | Zig:13   | Killed Lemeti the pandemonium lord
 69739 | Zig:13   | Identified the +1 pair of boots "Natad" {rElec rF+ Int+3}
 69743 | Zig:13   | Identified the staff "Tedum" {rN+ Str+3 Necro Ice}
 69801 | Zig:14   | Entered Level 14 of a ziggurat
 69829 | Zig:14   | Noticed a dread lich
 69832 | Zig:14   | Noticed a dread lich
 69832 | Zig:14   | Gained mutation: Your flesh is cold resistant. (rC+)
                  | [hidden potential]
 69838 | Zig:14   | Killed a dread lich
 69841 | Zig:14   | Killed a dread lich
 69904 | Zig:14   | Identified the +3 chain mail of Music {Will+ rCorr}
 69910 | Zig:14   | Identified the +1 trident of the First Eyes {freeze, Fly
                  | Dex+4}
 69948 | Zig:15   | Entered Level 15 of a ziggurat
 70046 | Zig:15   | Got the Papyrus of Ill Luck and the Mob
 70074 | Zig:15   | Acquired 1031 gold pieces
 70076 | Zig:15   | Acquired the ring "Echei" {rElec Will- rCorr Int+7 Slay+4}
 70078 | Zig:15   | Acquired a manual of Throwing
 70095 | Zig:16   | Entered Level 16 of a ziggurat
 70223 | Zig:16   | Identified the +0 robe of Dramatic Exits {Will+}
 70227 | Zig:16   | Identified the +0 mace "Beast's Death" {venom, rPois}
 70232 | Zig:16   | Identified the ring of Disaster {rN+ Str+2 Int+6}
 70234 | Zig:16   | Identified the +1 chain mail "Cogiuwou" {rN++ Int+4 Slay-2}
 70240 | Zig:16   | Identified the staff of Qazlal, Hurting {Str+5 Conj}
 70390 | Zot:1    | Entered Level 1 of the Realm of Zot
 70501 | Zot:1    | Identified the death talisman of Modesty {Str-3 Dex+8}
 72113 | Zot:2    | Found Ojatz's CLEARANCE SALE!.
 72153 | Zot:2    | Bought a potion of heal wounds for 30 gold pieces
 72153 | Zot:2    | Bought a potion of lignification for 18 gold pieces
 72566 | Zot:3    | Gained mutation: You have a pair of small antennae on your
                  | head. [hidden potential]
 72566 | Zot:3    | Lost mutation: You have hidden genetic potential. [hidden
                  | potential expressed]
 74000 | Zot:4    | Reached skill level 27 in Invocations
 74793 | Hell     | Entered the Vestibule of Hell
 74793 | Hell     | Noticed Geryon
 74802 | Hell     | Killed Geryon
 74854 | Hell     | Reached skill level 27 in Armour
 74876 | Hell     | Found a gateway to the ashen valley of Gehenna.
 74923 | Hell     | Found a gateway to the Iron City of Dis.
 74958 | Hell     | Found a gateway to the freezing wastes of Cocytus.
 75007 | Hell     | Found a gateway to the decaying netherworld of Tartarus.
 75167 | Dis:1    | Entered Level 1 of the Iron City of Dis
 75423 | Dis:4    | Gained mutation: You have large cloven feet. [a cacodemon]
 75425 | Dis:4    | Gained mutation: You are frail. (-10% HP) [a cacodemon]
 75439 | Dis:4    | Reached skill level 5 in Stealth
 75596 | Dis:7    | Entered Level 7 of the Iron City of Dis
 76019 | Dis:7    | Found the +7 great mace "Undeadhunter" {deathbane, rN+}
 76112 | Dis:7    | Noticed the Serpent of Hell
 76120 | Dis:7    | Noticed a juggernaut
 76120 | Dis:7    | Killed the Serpent of Hell
 76128 | Dis:7    | Killed a juggernaut
 76205 | Dis:7    | Noticed Dispater
 76222 | Dis:7    | Killed Dispater
 76242 | Dis:7    | Identified the ring "Sais" {rElec rC+}
 76258 | Dis:7    | Identified the +3 buckler of Shielding {Str+3}
 76264 | Dis:7    | Got an iron rune of Zot
 76266 | Dis:7    | Got Bywkanywn's Exposition on the Searing Volcano
 76317 | Dis:7    | Noticed a juggernaut
 76325 | Dis:7    | Killed a juggernaut
 76651 | Dis:7    | Found the amulet of Vitality {RegenMP++ Regen++}
 76680 | Dis:7    | Noticed a juggernaut
 76689 | Dis:7    | Killed a juggernaut
 77367 | Geh:1    | Entered Level 1 of Gehenna
 77423 | Geh:2    | Noticed a dread lich
 77430 | Geh:2    | Killed a dread lich
 78102 | Geh:7    | Entered Level 7 of Gehenna
 78380 | Geh:7    | Reached skill level 27 in Throwing
 78440 | Geh:7    | Reached skill level 10 in Stealth
 78536 | Geh:7    | Identified the staff "Cebrel" {Str+6 Conj}
 78537 | Geh:7    | Identified the ring of Gineih {Fly Str+4}
 78574 | Geh:7    | Found the +13 sceptre of Asmodeus
 78574 | Geh:7    | Noticed Asmodeus
 78594 | Geh:7    | Killed Asmodeus
 78620 | Geh:7    | Identified the ring "Jisch" {rN+ Str+6 SInv}
 78622 | Geh:7    | Identified the +2 flail of Vanity {flame, MP-9 Int+6}
 78646 | Geh:7    | Identified the +0 mace "Mepnuwk" {flame, rF+ Int+2}
 78653 | Geh:7    | Identified the +2 chain mail of the Fae Tsukumogami {Harm
                  | rElec}
 78672 | Geh:7    | Got an obsidian rune of Zot
 79123 | Geh:7    | Reached skill level 15 in Stealth
 79315 | Tar:1    | Entered Level 1 of Tartarus
 79680 | Tar:6    | Noticed an ancient lich
 79701 | Tar:6    | Killed an ancient lich
 79946 | Tar:7    | Entered Level 7 of Tartarus
 80247 | Tar:7    | Identified the +3 broad axe of Nitz {flame, rN+++ rCorr
                  | Str+3 Dex-3}
 80252 | Tar:7    | Got the Folio of Ghastly Imprecation
 80282 | Tar:7    | Identified the +2 falchion of Crusades {holy, Str+2 Int+3}
 80283 | Tar:7    | Identified the ring "Otereff" {Wiz Will+}
 80377 | Tar:7    | Noticed Ereshkigal
 80388 | Tar:7    | Paralysed by Ereshkigal for 3 turns
 80401 | Tar:7    | Killed Ereshkigal
 80442 | Tar:7    | Got a bone rune of Zot
 80739 | Coc:1    | Entered Level 1 of Cocytus
 80860 | Coc:2    | Paralysed by a wendigo for 1 turns
 80865 | Coc:2    | Paralysed by a wendigo for 1 turns
 80927 | Coc:3    | Paralysed by a wendigo for 1 turns
 80962 | Coc:4    | Reached skill level 10 in Evocations
 80965 | Coc:4    | Reached skill level 10 in Dodging
 81016 | Coc:5    | Paralysed by a wendigo for 1 turns
 81148 | Coc:7    | Entered Level 7 of Cocytus
 81185 | Coc:7    | Noticed a dread lich
 81210 | Coc:7    | Killed a dread lich
 81380 | Coc:7    | Identified the +3 flail of Punishment {pain, ^Contam rF+++
                  | Str-2 Int+6}
 81422 | Coc:7    | Paralysed by a wendigo for 1 turns
 81477 | Coc:7    | Identified the +7 ring mail of Free Will {+Inv rC+}
 81590 | Coc:7    | Paralysed by a wendigo for 1 turns
 82034 | Coc:7    | Noticed Antaeus
 82044 | Coc:7    | Killed Antaeus
 82076 | Coc:7    | Got an icy rune of Zot
 82989 | Tomb:1   | Entered Level 1 of the Tomb of the Ancients
 83134 | Tomb:1   | Noticed Boris
 83151 | Tomb:1   | Killed Boris
 83170 | Tomb:1   | Noticed a royal mummy
 83186 | Tomb:1   | Killed a royal mummy
 83403 | Tomb:1   | Identified the +2 pair of boots of the Desert {Str+3}
 83526 | Tomb:1   | Noticed a royal mummy
 83545 | Tomb:1   | Killed a royal mummy
 83745 | Tomb:2   | Noticed a royal mummy
 83748 | Tomb:2   | Killed a royal mummy
 83748 | Tomb:2   | Paralysed by a Zot trap for 4 turns
 83752 | Tomb:2   | Noticed a royal mummy
 83752 | Tomb:2   | Noticed a royal mummy
 83754 | Tomb:2   | Noticed a royal mummy
 83764 | Tomb:2   | Killed a royal mummy
 83765 | Tomb:2   | Killed a royal mummy
 83766 | Tomb:2   | Reached skill level 15 in Evocations
 83768 | Tomb:2   | Killed a royal mummy
 83769 | Tomb:2   | Gained mutation: You are weak. (Str -2) [mutagenic glow]
 83783 | Tomb:2   | Gained mutation: You are dopey. (Int -2) [mutagenic glow]
 83803 | Tomb:2   | Lost mutation: You are agile. (Dex +4, Str/Int -1)
                  | [mutagenic glow]
 84100 | Tomb:1   | Noticed a royal mummy
 84106 | Tomb:1   | Noticed a royal mummy
 84124 | Tomb:1   | Killed a royal mummy
 84131 | Tomb:1   | Killed a royal mummy
 84146 | Tomb:1   | Noticed a royal mummy
 84148 | Tomb:1   | Noticed a royal mummy
 84151 | Tomb:1   | Killed a royal mummy
 84154 | Tomb:1   | Killed a royal mummy
 84192 | Tomb:1   | Noticed a royal mummy
 84193 | Tomb:1   | Noticed a royal mummy
 84196 | Tomb:1   | Noticed a royal mummy
 84202 | Tomb:1   | Noticed a royal mummy
 84209 | Tomb:1   | Killed a royal mummy
 84213 | Tomb:1   | Killed a royal mummy
 84216 | Tomb:1   | Killed a royal mummy
 84223 | Tomb:1   | Killed a royal mummy
 84224 | Tomb:1   | Reached skill level 15 in Dodging
 84515 | Tomb:1   | Noticed a royal mummy
 84523 | Tomb:1   | Noticed a royal mummy
 84535 | Tomb:1   | Killed a royal mummy
 84561 | Tomb:1   | Killed a royal mummy
 84583 | Tomb:1   | Noticed a royal mummy
 84584 | Tomb:1   | Noticed a royal mummy
 84586 | Tomb:1   | Noticed a royal mummy
 84593 | Tomb:1   | Killed a royal mummy
 84596 | Tomb:1   | Noticed a royal mummy
 84597 | Tomb:1   | Killed a royal mummy
 84598 | Tomb:1   | Killed a royal mummy
 84612 | Tomb:1   | Killed a royal mummy
 84822 | Tomb:3   | Entered Level 3 of the Tomb of the Ancients
 84858 | Tomb:3   | Noticed a royal mummy
 84862 | Tomb:3   | Noticed a royal mummy
 84873 | Tomb:3   | Noticed a royal mummy
 84880 | Tomb:3   | Noticed a royal mummy
 84885 | Tomb:3   | Killed a royal mummy
 84885 | Tomb:3   | Killed a royal mummy
 84886 | Tomb:3   | Killed a royal mummy
 84896 | Tomb:3   | Killed a royal mummy
 84912 | Tomb:3   | Identified the +0 ring mail "Xeeveg" {+Inv Fly rElec Will-}
 84943 | Tomb:3   | Identified the +12 spear "Hod Ach" {freeze, rElec MP+9
                  | Int-3 SInv}
 84980 | Tomb:3   | Noticed a royal mummy
 84986 | Tomb:3   | Killed a royal mummy
 85035 | Tomb:3   | Identified the +0 plate armour of the Thoughtful Artists
                  | {rN+ rCorr Int+2 Stlth+}
 85038 | Tomb:3   | Identified the staff of Lugonu's Outrage {Str+3 Earth}
 85134 | Tomb:3   | Noticed a royal mummy
 85134 | Tomb:3   | Noticed a royal mummy
 85144 | Tomb:3   | Noticed a royal mummy
 85145 | Tomb:3   | Killed a royal mummy
 85146 | Tomb:3   | Reached skill level 27 in Stealth
 85148 | Tomb:3   | Killed a royal mummy
 85159 | Tomb:3   | Killed a royal mummy
 85159 | Tomb:3   | Noticed a royal mummy
 85165 | Tomb:3   | Killed a royal mummy
 85249 | Tomb:3   | Got a golden rune of Zot
 85328 | Tomb:3   | Identified the +0 fire dragon scales of Action {rElec rPois
                  | rF++ rC- rCorr Str-2}
 85337 | Tomb:3   | Identified the +1 war axe of the Blowfly {freeze, Fly rN+}
 85354 | Tomb:3   | Identified the +8 flail of Destruction {heavy, rF+ rC+
                  | Will+ SInv}
 85374 | Tomb:3   | Identified the staff of Temperance {rElec SInv Air}
 85391 | Tomb:3   | Identified the +10 shortbow of Floods {drain, *Corrode rF-
                  | rC+++ rN+++}
 85401 | Tomb:3   | Acquired 1159 gold pieces
 85874 | Zig:1    | Entered Level 1 of a ziggurat
 85892 | Zig:2    | Entered Level 2 of a ziggurat
 85897 | Zig:2    | Paralysed by a wendigo for 1 turns
 85916 | Zig:2    | Identified the amulet "Niqa" {Faith ^Drain Fly Regen+ MP-9
                  | Stlth+}
 85926 | Zig:3    | Entered Level 3 of a ziggurat
 85969 | Zig:4    | Entered Level 4 of a ziggurat
 85999 | Zig:4    | Identified the +4 whip "Hydra's Undoing" {flame, rElec}
 86000 | Zig:4    | Identified the ring of the Skies Above {Ice rN++ Int+5
                  | Stlth-}
 86011 | Zig:5    | Entered Level 5 of a ziggurat
 86042 | Zig:5    | Identified the +8 morningstar "Biofoubb" {vamp, ^Drain rC+
                  | rCorr}
 86047 | Zig:6    | Entered Level 6 of a ziggurat
 86100 | Zig:6    | Got the Elucidation of the Congregated Atmosphere
 86362 | Zot:5    | Entered Level 5 of the Realm of Zot
 86409 | Zot:5    | Found Cuph's Changing Room.
 86957 | Zot:5    | Noticed an ancient lich
 86959 | Zot:5    | Noticed a dread lich
 86959 | Zot:5    | Noticed an orb of fire
 86968 | Zot:5    | Noticed an orb of fire
 86968 | Zot:5    | Noticed an orb of fire
 86968 | Zot:5    | Gained mutation: You occasionally shout uncontrollably at
                  | your foes. [an orb of fire]
 86970 | Zot:5    | Noticed an orb of fire
 86972 | Zot:5    | Killed a dread lich
 86975 | Zot:5    | Gained mutation: You have an uncontrollable temper. [an orb
                  | of fire]
 86976 | Zot:5    | Lost mutation: Armour fits poorly on your strangely shaped
                  | body. [an orb of fire]
 86980 | Zot:5    | Killed an orb of fire
 86985 | Zot:5    | Killed an orb of fire
 86987 | Zot:5    | Gained mutation: You occasionally lose the ability to drink
                  | potions when taking damage. [an orb of fire]
 86990 | Zot:5    | Killed an orb of fire
 86994 | Zot:5    | Killed an ancient lich
 87009 | Zot:5    | Noticed an orb of fire
 87017 | Zot:5    | Noticed a dread lich
 87226 | Zot:5    | Killed a dread lich
 87232 | Zot:5    | Lost mutation: You have an increased reservoir of magic.
                  | (+10% MP) [an orb of fire]
 87238 | Zot:5    | Killed an orb of fire
 87243 | Zot:5    | Gained mutation: Your body sometimes deteriorates upon
                  | taking damage. [an orb of fire]
 87247 | Zot:5    | Killed an orb of fire
 87450 | Zot:5    | Got the Orb of Zot
 87475 | Zot:5    | Noticed Qiduej the pandemonium lord
 87484 | Zot:5    | Killed Qiduej the pandemonium lord
 87552 | Zot:4    | Noticed Hiseje the pandemonium lord
 87558 | Zot:4    | Killed Hiseje the pandemonium lord
 88059 | D:$      | Escaped with the Orb!

Illustrated notes

Levels and vault maps discovered:
D:1:      minmay_arrival_checkered_box, layout_loops_ring, serial_shops, shop,
          basic_ecumenical_altar
D:2:      wad_crossroads, layout_rooms, basic_altar, serial_shops,
          nicolae_shop_industrial_runoff, nrook_uturn,
          minmay_shallow_snake_nest, uniq_natasha
D:3:      layout_loops_ring
D:4:      layout_loops_ring, grunt_decor_arrowhead, minmay_shop_damaged,
          kennysheep_small_circle
D:5:      layout_rooms, uniq_blork_the_orc
D:6:      layout_basic, minmay_temple_entry_junction,
          lightli_ossuary_entry_decrepit_ruins
D:7:      layout_loops_corners, enter_bailey_2
D:8:      minmay_cut_squares, layout_cave_pods, kennysheep_path_1,
          corner_web_ring, minmay_misc_feat_tiny,
          nicolae_kite_square_tiling_tiny, nicolae_diode_basic, uniq_amaemon
D:9:      layout_roguey, nicolae_overflow_crystal_walls, hiddenorc2_lemuel,
          minmay_guarded_unrand_variability, uniq_psyche
D:10:     layout_small_grid, nicolae_figureground_sparkle
D:11:     layout_gridville, lair_entry_dummy, nemelex_spade_bored_becter,
          uniq_urug, uniq_lodul
D:12:     layout_roguey, kennysheep_boxes
D:13:     layout_cave_pods, enter_trove_2, serial_shops, shop,
          nicolae_shop_trees, shop, kennysheep_little_box, shop
D:14:     layout_loops_cross, erik_vaults_2, dk_noncrumbling_2, hex_medium,
          lightli_elemental_guards, uniq_rupert, uniq_louise
D:15:     grunt_enter_depths_snipers, layout_loops_cross, serial_shops,
          shop_fountains, nicolae_houndstooth_variations
Temple:   mainiacjoe_temple_circle_huts
Lair:1:   layout_cave_pods, portal_ice_cave_entry_pillars_2, ebering_ghost_xom,
          grunt_megastairs_3
Lair:2:   hellmonk_destroyed_diamonds, layout_small_grid, lemuel_fruit_fields
Lair:3:   layout_cave_shapes, swamp_mist_pool,
          nicolae_spider_entry_tight_spaces, lemuel_oklob_altar, uniq_kirke
Lair:4:   regret_index_tunnel_blossom, layout_concentric_octagons,
          ebering_ghost_inner_flame
Lair:5:   grunt_lair_end_beastmaster, layout_gridlike,
          nicolae_slime_entry_slimehenge, uniq_nessos, uniq_josephine
Swamp:1:  layout_basic_swamp, hangedman_swamp_pad,
          nicolae_swamp_decorative_isthmus
Swamp:2:  nzn_winding_woodlands_medium [nzn_winding_woodlands_5x5_default,
          nzn_winding_woodlands_5x15_split_checker,
          nzn_winding_woodlands_5x5_cross, nzn_winding_woodlands_5x5_default,
          nzn_winding_woodlands_center_pierced_h,
          nzn_winding_woodlands_5x5_default,
          nzn_winding_woodlands_5x5_closed_star,
          nzn_winding_woodlands_5x15_pathside_ponds,
          nzn_winding_woodlands_5x5_perimeter], layout_falls_marsh,
          serial_swamp_ruin, evilmike_swamp_ruin_rubble_2,
          evilmike_swamp_ruin_house_3, evilmike_swamp_ruin_house_6, uniq_donald
Swamp:3:  layout_basic_swamp, evilmike_swamp_ruin_rubble_1, uniq_mlioglotl
Swamp:4:  swamp, layout_basic_swamp
Spider:1: layout_chambers, nicolae_spider_moth_buddies
Spider:2: gammafunk_boulding_lane, nicolae_spider_swamp_cousins,
          hangedman_spider_tarantella_strand, uniq_arachne, uniq_roxanne
Spider:3: layout_spider_delve, hellmonk_test_site
Spider:4: spider_rune_water, uniq_asterion, uniq_nikola
Slime:1:  layout_caves, nicolae_slime_getting_an_eyeful
Slime:2:  layout_caves, cheibrodos_slime_lost_civilization_7
Slime:3:  layout_caves
Slime:4:  layout_caves
Slime:5:  slime_pit_nicolae_jellycorners
Orc:1:    layout_diamond_mine, serial_shops, nicolae_shop_behind_doors
Orc:2:    grunt_orc_tribal_feast, layout_diamond_mine
Elf:1:    nicolae_elf_arrival_no_cutting_in_line, layout_geoelf_diagonals,
          serial_glass, glass_columns_b, glass_columns_a,
          nicolae_elf_crossing_hall
Elf:2:    nicolae_elf_blades_splatter_lattice
          [nicolae_blade_entry_hurt_lockers], layout_geoelf_grid, serial_shops,
          bzr_entry_lakeside
Elf:3:    minmay_elf_hall_spiked, layout_gridlike
Vaults:1: nicolae_vaults_double_plus_2, v_rooms_3, nicolae_vaults_tetromino_Z_1,
          hangedman_vaults_river_flow, vaults_room_door_hall,
          nicolae_vaults_cochlea, v_alt_pattern_1, v_alt_pattern_2,
          nicolae_vaults_diamond_2, vaults_room_grunt_arrival_ludios,
          nicolae_vaults_specimen_jars, layout_vaults_ring, serial_shops,
          nicolae_shop_hallway_stairs
Vaults:2: ontoclasm_vaults_hangar, v_misc_33, blue_anna_dwarven_crypt,
          nicolae_vaults_offset_grid_hallway_1,
          nicolae_vaults_closet_pinwheel_2, v_misc_28,
          nicolae_vaults_shrinking_rooms_1, vaults_room_glass_cross,
          vaults_room_semicircle, nicolae_vaults_little_squares_5,
          nicolae_vaults_puzzle_piece, layout_vaults_omnicross, serial_shops,
          bzr_entry_safe
Vaults:3: ontoclasm_vaults_fault, nicolae_vaults_trapezoid_layered,
          ontoclasm_vaults_idyll, vaults_room_ringed_pool,
          nicolae_vaults_double_plus_3, nicolae_vaults_offset_grid_hallway_2,
          ontoclasm_vaults_ring_small, nicolae_vaults_hallways_thing,
          nicolae_vaults_tangram_2, nicolae_vaults_house_3,
          vaults_standard_mumra_enter_the_diamond, ontoclasm_vaults_pinch,
          hangedman_vaults_corner_blocks, nicolae_vaults_storage_closets_1,
          layout_vaults_omnibox, serial_shops, shop
Vaults:4: vaults_room_pool, nicolae_vaults_alarming,
          nicolae_vaults_offset_grid_hallway_1, vaults_room_corners,
          nicolae_vaults_house_2, nicolae_vaults_three_branches,
          nicolae_vaults_diamond_2, hangedman_vaults_capsules, v_misc_27,
          nicolae_vaults_triangles, nicolae_vaults_tetromino_L_2, v_misc_19,
          layout_vaults_maze_snakey, uniq_frederick
Vaults:5
Crypt:1:  layout_regular_city, grunt_crypt_arrival_guarded_gate
Crypt:2:  layout_rooms
Crypt:3:  grunt_crypt_end_deaths_head
Tomb:1:   uniq_boris
Tomb:2
Tomb:3
Depths:1: gammafunk_dig_for_victory, layout_long_grid, hellmouth_3,
          nrook_mini_vaults, serial_shops, nicolae_shop_industrial_runoff,
          abyss_entry_flame_altar, nicolae_gozag_seed_capital, minmay_shoptagon
Depths:2: gammafunk_jiyva_shrine, layout_cave_shapes, rand_demon_pan_entry_7,
          hell_entry, hellmonk_scarab_ruin, uniq_vv, uniq_josephina
Depths:3: nicolae_moon_pools, layout_basic, enter_ziggurat_d, hell_entry,
          abyss_entry, nicolae_hepliaklqana_monster_ancestors,
          infiniplex_staircase_door_maze
Depths:4: evilmike_zot_entry_castle, layout_basic, hell_entry, serial_shops,
          shop, nicolae_shop_bloodbath_and_beyond, nicolae_diamond_shop,
          minmay_misc_feat_rugged, nicolae_shop_fire_sale
          [nicolae_sub_dead_trees], nrook_kobold_shadow_demons,
          minmay_shop_grove
Hell
Dis:1:    layout_gridville
Dis:2:    layout_regular_city
Dis:3:    layout_subdivisions
Dis:4:    nicolae_hells_demon_pit, layout_gridville
Dis:5:    layout_subdivisions
Dis:6:    layout_overlapping_boxes, hangedman_dis_decor_tower,
          nicolae_dis_emergency_hatch
Dis:7:    dis_grunt_layers
Geh:1:    layout_gehenna_lava_caves
Geh:2:    layout_gehenna_pools_basic
Geh:3:    layout_gehenna_pools_basic
Geh:4:    layout_gehenna_pools_box
Geh:5:    layout_gehenna_pools_box, tekkud_geh_sculpture_garden
Geh:6:    layout_gehenna_pools_basic
Geh:7:    geh_mu
Coc:1:    layout_ice_bergs, nicolae_coc_kraken_the_ice
Coc:2:    layout_cocytus_water_paths
Coc:3:    layout_cocytus_delve
Coc:4:    layout_cocytus_water_paths
Coc:5:    layout_cocytus_water_paths
Coc:6:    layout_ice_bergs
Coc:7:    coc_mu
Tar:1:    layout_honeycomb, nicolae_tar_honey_chapel
Tar:2:    layout_catacombs
Tar:3:    layout_grid_maze
Tar:4:    layout_grid_maze, grunt_tartarus_stairs_gauntlet_trap
Tar:5:    nicolae_tar_intersect_combbox, layout_cathedral_of_symmetry,
          nicolae_tar_cuneiform_heaven
Tar:6:    layout_honeycomb, nicolae_hells_fiendish_ambush
Tar:7:    tar_old
Zot:1:    layout_concentric_octagons, st_stairs_12, grunt_megastairs_2
Zot:2:    layout_concentric_octagons, nicolae_shop_clearance,
          regret_index_zotdec_twisting_globes
Zot:3:    layout_cellular_growth, st_stairs_8, grunt_megastairs_4
Zot:4:    layout_concentric_octagons, grunt_megastairs_5
Zot:5:    layout_cathedral_of_symmetry, nicolae_transmutations_shop

Skill      XL: |  1  2  3  4  5  6  7  8  9 10 11 12 13 14 15 16 17 18 19 20 21 22 23 24 25 26 27 |
---------------+----------------------------------------------------------------------------------+-----
Maces & Flails | 3 4 5 6 8 11 13 14 15 16 17 18 19 20 21 22 27 | 27.0
Shields        | 4 5 6 7 9 10 12 14 16 17 19 20 21 22 27 | 27.0
Armour         | 4 5 6 7 8 9 10 11 12 14 16 18 20 21 27 | 27.0
Fighting       | 4 5 6 7 8 9 10 11 12 13 14 16 18 20 22 25 27 | 27.0
Dodging        | 1 2 3 18 | 18.4
Invocations    | 2 4 6 7 9 10 11 12 13 14 15 17 18 27 | 27.0
Stealth        | 1 27 | 27.0
Evocations     | 3 4 19 | 19.5
Throwing       | 2 4 27 | 27.0

Action                     |  1- 3 |  4- 6 |  7- 9 | 10-12 | 13-15 | 16-18 | 19-21 | 22-24 | 25-27 || total
---------------------------+-------+-------+-------+-------+-------+-------+-------+-------+-------++-------
  Melee: Flail             |    76 |   203 |       |       |       |       |       |       |   166 ||   445
         Eveningstar       |       |    27 |   271 |   759 |  1179 |  1192 |  1337 |  1329 |  5318 || 11412
         Unarmed           |       |       |       |       |       |       |       |       |     1 ||     1
  Throw: Javelin           |       |       |       |       |       |       |       |       |    78 ||    78
 Invoke: Receive Weapon    |       |       |       |       |     1 |       |       |       |       ||     1
         Receive Armour    |       |       |       |       |     1 |       |       |       |       ||     1
         Heroism           |       |       |       |       |    10 |    25 |    13 |    19 |       ||    67
         Finesse           |       |       |       |       |     2 |     8 |     3 |    11 |       ||    24
         Divine Shield     |       |       |       |       |       |       |       |       |    92 ||    92
         Cleansing Flame   |       |       |       |       |       |       |       |       |    39 ||    39
         Summon Divine War |       |       |       |       |       |       |       |       |    30 ||    30
  Evoke: Wand              |       |       |       |     7 |       |     9 |       |       |     9 ||    25
         Figurine of a zig |       |       |       |       |       |       |       |       |     1 ||     1
    Use: Scroll            |       |     6 |     5 |    10 |    15 |    13 |     4 |    23 |    20 ||    96
         Potion            |       |     1 |     1 |     2 |       |     6 |     2 |     6 |    24 ||    42
   Stab: Distracted        |       |       |       |       |       |     2 |       |       |       ||     2
 Armour: Scale mail        |    58 |   196 |       |       |       |       |       |       |       ||   254
         Chain mail        |       |    37 |   153 |       |       |       |       |       |       ||   190
         Plate armour      |       |       |    25 |   512 |    63 |       |       |       |       ||   600
         Crystal plate arm |       |       |       |       |   677 |   907 |   963 |  1051 |       ||  3598
         Gold dragon scale |       |       |       |       |       |       |       |     6 |  3100 ||  3106
  Dodge: Dodged            |    30 |   151 |   143 |   417 |   258 |   252 |   301 |   313 |  1692 ||  3557
         Repelled          |       |       |       |       |       |     7 |    13 |    16 |   130 ||   166
  Block: Buckler           |    23 |    56 |     5 |       |       |       |       |       |       ||    84
         Kite shield       |       |       |       |   353 |   119 |   875 |   918 |   955 |   384 ||  3604
         Reflection        |       |       |       |    15 |     4 |    20 |    68 |    45 |    20 ||   172
         Tower shield      |       |       |       |       |   968 |       |       |       |  6774 ||  7742
Riposte: Eveningstar       |       |       |       |       |       |       |       |   245 |  2197 ||  2442
         Unarmed           |       |       |       |       |       |       |       |       |     1 ||     1
